 Dungeon Crawl Stone Soup version 0.28.0-62-gf88900778d (webtiles) character file.

Game seed: 5813014836401470931

762137 AarnesTheHuman the Unforgettable (level 27, -3/204 HPs)
             Began as a Gnoll Fighter on Mar 1, 2023.
             Was the Champion of Hepliaklqana.
             Killed from afar by Lom Lobon (19 damage)
             ... with a vortex
             ... in Pandemonium on Mar 10, 2023.
             The game lasted 08:06:03 (135280 turns).

AarnesTheHuman the Unforgettable (Gnoll Fighter)  Turns: 135280, Time: 08:06:03

Health: -3/204     AC: 24    Str: 20    XL:     27
Magic:  23/42      EV: 17    Int: 14    God:    Hepliaklqana [******]
Gold:   6684       SH: 31    Dex: 12    Spells: 2/66 levels left

rFire   . . .      SeeInvis .   a - +8 arc blade {discharge, rElec}
rCold   + + .      Faith    .   T - +10 tower shield of Ignorance {rN+ Int-4}
rNeg    + + +      Spirit   .   C - +1 scale mail "Dogaa" {rC+ rN+ Will++}
rPois   +          Reflect  .   t - +2 helmet {Int+3}
rElec   +          Harm     .   y - +0 cloak of Claustrophobia {rF+}
rCorr   .          Rampage  .   X - +3 pair of gauntlets of War {Slay+5}
Will    +++++                   D - +2 pair of boots
Stlth   +++++++...              q - amulet "Kenaic" {RegenMP rN+++ Will++ Dex-3 Stlth+}
HPRegen 0.44/turn               x - ring of Wu Jian's Supremacy {Ice Dex+4 Slay+6}
MPRegen 0.68/turn               V - ring of Secon {rPois Int+5}

@: flying (expiring), unable to read
A: reduced essence, fangs 1, strong nose, distributed training, clumsy 1,
deformed body, deterioration 1, dopey 1, low MP 1, weak 2, no potion heal 1,
inability to read while threatened
}: 6/15 runes: decaying, slimy, silver, glowing, dark, gossamer
a: Renounce Religion, Recall Ancestor, Ancestor Identity, Transference, Idealise


You were in Pandemonium.
You worshipped Hepliaklqana.
Hepliaklqana was exalted by your worship.
You visited 12 branches of the dungeon, and saw 57 of its levels.
You visited Pandemonium 1 time, and saw 7 of its levels.
You visited the Abyss 1 time.
You also visited: Bailey and Wizlab.

You collected 12033 gold pieces.
You spent 5349 gold pieces at shops.

Inventory:

Hand Weapons
 a - the +8 arc blade (weapon) {discharge, rElec}
   (You found it on level 3 of the Elven Halls)

   It occasionally unleashes powerful arcs of lightning upon striking a foe.
   These may arc to other adjacent creatures (including the wielder, but dealing
   reduced damage to them) before grounding out.
   rElec:     It insulates you from electricity.
 b - a +9 vampiric demon trident
 r - the +7 captain's cutlass {speed, disarm}
   (You took it off a deep elf death mage on level 3 of the Elven Halls)

   Attacks with this weapon are significantly faster.
   It may disarm weapon-wielding foes when striking them, dealing extra damage
   in the process.
Missiles
 l - 3 javelins
 u - a throwing net
 H - 49 boomerangs (quivered)
 Z - 14 curare-tipped darts
Armour
 t - a +2 helmet of intelligence (worn)
 y - the +0 cloak of Claustrophobia (worn) {rF+}
   (You bought it in a shop on level 1 of the Orcish Mines)

   rF:        It protects you from fire.
 C - the +1 scale mail "Dogaa" (worn) {rC+ rN+ Will++}
   (You found it on level 9 of the Dungeon)

   rC:        It protects you from cold.
   rN:        It protects you from negative energy.
   Will:      It greatly increases your willpower.
 D - a +2 pair of boots (worn)
 T - the +10 tower shield of Ignorance (worn) {rN+ Int-4}
   (You found it on level 8 of the Dungeon)

   Int:       It affects your intelligence (-4).
   rN:        It protects you from negative energy.
 X - the +3 pair of gauntlets of War (worn) {Slay+5}
   (You bought it in a shop on level 2 of the Vaults)

   Slay:      It affects your accuracy & damage with ranged weapons and melee
   (+5).
Jewellery
 c - a ring of see invisible
 f - a ring of the Octopus King {rC+ AC+1 EV+1 Str+1 Int+1 Dex+1}
   (You found it on level 4 of the Swamp)

   [ring of protection from cold]

   AC:        It affects your AC (+1).
   EV:        It affects your evasion (+1).
   Str:       It affects your strength (+1).
   Int:       It affects your intelligence (+1).
   Dex:       It affects your dexterity (+1).
   rC:        It protects you from cold.
 n - the amulet of the Air {Inacc Air Fly rElec RMsl}
   (You found it on level 4 of the Swamp)

   [amulet of nothing]

   It reduces the accuracy of all your attacks.
   It enhances your air magic.
   rElec:     It insulates you from electricity.
   Fly:       It grants you flight.
   RMsl:      It protects you from missiles.
 q - the amulet "Kenaic" (around neck) {RegenMP rN+++ Will++ Dex-3 Stlth+}
   (You found it on level 2 of the Crypt)

   [amulet of magic regeneration]

   It increases your rate of magic regeneration.
   Dex:       It affects your dexterity (-3).
   rN:        It renders you almost immune to negative energy.
   Will:      It greatly increases your willpower.
   Stlth:     It makes you more stealthy.
 x - the ring of Wu Jian's Supremacy (left hand) {Ice Dex+4 Slay+6}
   (You took it off a deep elf death mage on level 3 of the Elven Halls)

   [ring of ice]

   It enhances your ice magic.
   Dex:       It affects your dexterity (+4).
   Slay:      It affects your accuracy & damage with ranged weapons and melee
   (+6).
   rF:        It makes you vulnerable to fire.
   rC:        It protects you from cold.
 z - a ring of wizardry
 A - the ring "Feaptole" {rPois rF++ rCorr Dex+4}
   (You bought it in a shop on level 1 of the Depths)

   [ring of resist corrosion]

   Dex:       It affects your dexterity (+4).
   rF:        It greatly protects you from fire.
   rPois:     It protects you from poison.
   rCorr:     It protects you from acid and corrosion.
 V - the ring of Secon (right hand) {rPois Int+5}
   (You found it on level 4 of the Lair of Beasts)

   [ring of poison resistance]

   Int:       It affects your intelligence (+5).
   rPois:     It protects you from poison.
Wands
 h - a wand of paralysis (23)
 j - a wand of mindburst (32)
 w - a wand of acid (3)
 G - a wand of digging (30)
 S - a wand of charming (38)
 U - a wand of iceblast (31)
Scrolls
 e - 5 scrolls of blinking
 k - 9 scrolls of fear
 o - 2 scrolls of summoning
 s - 4 scrolls of holy word
 B - 7 scrolls of vulnerability
 F - 2 scrolls of silence
 I - 19 scrolls of fog
 K - 2 scrolls of amnesia
 M - 4 scrolls of magic mapping
 N - 18 scrolls of teleportation
Potions
 d - 9 potions of might
 g - 11 potions of lignification
 i - 11 potions of haste
 m - 30 potions of curing
 p - 8 potions of invisibility
 v - 4 potions of brilliance
 L - 2 potions of magic
 O - 6 potions of cancellation
 P - 6 potions of berserk rage
 Q - 12 potions of heal wounds
 R - a potion of flight
 W - 9 potions of ambrosia
 Y - 7 potions of resistance
Miscellaneous
 E - a phantom mirror (inert)
 J - a tin of tremorstones (1/2)


   Skills:
 + Level 20.9 Fighting
 + Level 20.1 Short Blades
 + Level 20.1 Long Blades
 + Level 20.5 Axes
 + Level 20.1 Maces & Flails
 + Level 20.1 Polearms
 + Level 20.1 Staves
 + Level 20.1 Slings
 + Level 20.1 Bows
 + Level 20.1 Crossbows
 + Level 20.1 Throwing
 + Level 20.9 Armour
 + Level 20.1 Dodging
 + Level 20.1 Stealth
 + Level 20.9 Shields
 + Level 20.1 Unarmed Combat
 + Level 20.1 Spellcasting
 + Level 17.2 Conjurations
 + Level 17.2 Hexes
 + Level 17.2 Summonings
 + Level 17.2 Necromancy
 + Level 17.2 Translocations
 + Level 17.2 Transmutations
 + Level 17.2 Fire Magic
 + Level 17.2 Ice Magic
 + Level 17.2 Air Magic
 + Level 17.2 Earth Magic
 + Level 17.2 Poison Magic
 + Level 21.7 Invocations
 + Level 20.1 Evocations


You had 2 spell levels left.
You knew the following spells:

 Your Spells              Type           Power      Damage    Failure   Level
a - Dragon Form           Tmut           29%        N/A       9%          7
b - Passwall              Tmut/Erth      48%        N/A       0%          2
c - Manifold Assault      Tloc           58%        N/A       1%          5
e - Stone Arrow           Conj/Erth      100%       3d13      1%          3
f - Passage of Golubria   Tloc           58%        N/A       1%          4
g - Freezing Cloud        Conj/Ice/Air   38%        6-21      1%          5
h - Ozocubu's Armour      Ice            76%        N/A       1%          3
i - Lee's Rapid Deconstr  Erth           29%        3d16*     1%          5
j - Borgnjor's Vile Clut  Necr/Erth      29%        N/A       1%          5
k - Wereblood             Tmut           58%        N/A       0%          2
l - Irradiate             Conj/Tmut      29%        3d23      1%          5
m - Frozen Ramparts       Ice            100%       1d12      1%          3
n - Olgreb's Toxic Radia  Pois           58%        N/A       1%          4
p - Dispel Undead         Necr           58%        3d21      1%          4
q - Malign Gateway        Summ/Tloc      29%        N/A       9%          7

Your spell library contained the following spells:

 Spells                   Type           Power      Damage    Failure   Level
 Apportation              Tloc           100%       N/A       0%          1
 Beastly Appendage        Tmut           100%       N/A       0%          1
 Freeze                   Ice            100%       1d11      0%          1
 Magic Dart               Conj           100%       1d8       0%          1
 Sandblast                Erth           100%       2d20      0%          1
 Shock                    Conj/Air       100%       1d9       0%          1
 Summon Small Mammal      Summ           100%       N/A       0%          1
 Blink                    Tloc           100%       N/A       0%          2
 Call Imp                 Summ           58%        N/A       0%          2
 Corpse Rot               Necr/Air       100%       N/A       0%          2
 Ensorcelled Hibernation  Hex/Ice        100%       N/A       0%          2
 Poisonous Vapours        Pois/Air       100%       N/A       0%          2
 Scorch                   Fire           100%       2d10      0%          2
 Searing Ray              Conj           100%       2d8       0%          2
 Static Discharge         Conj/Air       58%        N/A       0%          2
 Sublimation of Blood     Necr           58%        N/A       0%          2
 Call Canine Familiar     Summ           58%        N/A       1%          3
 Conjure Flame            Conj/Fire      58%        6-21      1%          3
 Dazzling Flash           Conj/Hex       100%       N/A       1%          3
 Gell's Gravitas          Tloc           58%        N/A       1%          3
 Ignite Poison            Fire/Tmut/Pois 58%        N/A       1%          3
 Lesser Beckoning         Tloc           58%        N/A       1%          3
 Mephitic Cloud           Conj/Pois/Air  58%        N/A       1%          3
 Portal Projectile        Hex/Tloc       100%       N/A       1%          3
 Spider Form              Tmut/Pois      58%        N/A       1%          3
 Summon Guardian Golem    Hex/Summ       58%        N/A       1%          3
 Swiftness                Air            58%        N/A       1%          3
 Teleport Other           Tloc           58%        N/A       1%          3
 Tukima's Dance           Hex            58%        N/A       1%          3
 Vampiric Draining        Necr           58%        2d10      1%          3
 Airstrike                Air            29%        N/A       1%          4
 Anguish                  Hex/Necr       29%        N/A       1%          4
 Animate Armour           Summ/Erth      100%       N/A       1%          4
 Fulminant Prism          Conj/Hex       29%        3d14      1%          4
 Hailstorm                Conj/Ice       76%        3d16      1%          4
 Ice Form                 Ice/Tmut       76%        N/A       1%          4
 Iskenderun's Mystic Bla  Conj/Tloc      58%        2d12      1%          4
 Leda's Liquefaction      Hex/Erth       29%        N/A       1%          4
 Petrify                  Tmut/Erth      58%        N/A       1%          4
 Sticky Flame             Conj/Fire      58%        2d7       1%          4
 Summon Ice Beast         Ice/Summ       76%        N/A       1%          4
 Summon Lightning Spire   Summ/Air       58%        N/A       1%          4
 Agony                    Necr           58%        N/A       1%          5
 Alistair's Intoxication  Tmut/Pois      38%        N/A       1%          5
 Blade Hands              Tmut           29%        N/A       1%          5
 Excruciating Wounds      Necr           29%        N/A       1%          5
 Fireball                 Conj/Fire      29%        3d13      1%          5
 Lightning Bolt           Conj/Air       29%        1d45      1%          5
 Metabolic Englaciation   Hex/Ice        38%        N/A       1%          5
 Silence                  Hex/Air        29%        N/A       1%          5
 Summon Forest            Summ/Tloc      29%        N/A       1%          5
 Summon Mana Viper        Hex/Summ       58%        N/A       1%          5
 Yara's Violent Unravell  Hex/Tmut       29%        3d12      1%          5
 Conjure Ball Lightning   Conj/Air       29%        3x3d8     1%          6
 Death Channel            Necr           29%        N/A       1%          6
 Dispersal                Tloc           29%        N/A       1%          6
 Eringya's Noxious Bog    Tmut/Pois      29%        N/A       1%          6
 Simulacrum               Ice/Necr       38%        N/A       1%          6
 Starburst                Conj/Fire      29%        6d9       1%          6
 Statue Form              Tmut/Erth      38%        N/A       1%          6
 Enfeeble                 Hex            29%        N/A       9%          7
 Haunt                    Necr/Summ      29%        N/A       9%          7
 Monstrous Menagerie      Summ           29%        N/A       9%          7
 Ozocubu's Refrigeration  Ice            38%        4d12      9%          7
 Storm Form               Tmut/Air       29%        N/A       9%          7
 Summon Hydra             Summ           29%        N/A       9%          7
 Borgnjor's Revivificati  Necr           29%        N/A       56%         8
 Discord                  Hex            29%        N/A       56%         8
 Disjunction              Tloc           29%        N/A       56%         8
 Ignition                 Fire           29%        3d9       56%         8
 Infestation              Necr           29%        N/A       56%         8
 Lehudib's Crystal Spear  Conj/Erth      29%        10d8      56%         8
 Maxwell's Capacitive Co  Air            29%        ∞         56%         8
 Necromutation            Tmut/Necr      29%        N/A       56%         8
 Summon Horrible Things   Summ           29%        N/A       56%         8
 Chain Lightning          Conj/Air       29%        3d38      100%        9
 Death's Door             Necr           29%        N/A       100%        9
 Polar Vortex             Ice            38%        N/A       100%        9


Dungeon Overview and Level Annotations

Branches:
Dungeon (15/15)            Temple (1/1) D:4            Lair (6/6) D:10
  Swamp (4/4) Lair:3       Spider (4/4) Lair:4        Slime (5/5) Lair:5
    Orc (2/2) D:12            Elf (3/3) Orc:2        Vaults (5/5) D:14
  Crypt (3/3) Vaults:3       Tomb (0/3) Crypt:3      Depths (4/4) D:15
    Zot (5/5) Depths:4     Bailey (visited)          WizLab (visited)

Altars:
Ashenzari
Cheibriados
Dithmenos
Elyvilon
Fedhas
Gozag
Hepliaklqana
Kikubaaqudgha
Makhleb
Nemelex Xobeh
Okawaru
Qazlal
Ru
Sif Muna
Trog
Uskayaw
Vehumet
Wu Jian
Xom
Yredelemnul
Zin
The Shining One
Beogh
Jiyva

Shops:
D:2 !   D:5 ((!?   D:8 :=[(*   D:10 *   Orc:1 [   Orc:2 !(:[   Elf:2 [
Vaults:1 :   Vaults:2 [   Depths:1 ==:   Depths:2 ?*

Portals:
Hell: Depths:1 Depths:2 Depths:3 Depths:4
Abyss: D:12 Depths:3
Pandemonium: Depths:1 Depths:2 Depths:3
Ziggurat: Depths:1

Annotations:
D:12 2 transporters, exclusion: downstairs, lenfi's ghost, journeyman FoMo
Lair:2 exclusion: downstairs
Lair:4 exclusion: hexer
Swamp:2 exclusion: 2 downstairs
Swamp:3 exclusion: downstairs
Spider:3 exclusion: downstairs
Slime:4 exclusion: downstairs
Orc:1 exclusion: downstairs
Elf:1 exclusion: 2 downstairs
Crypt:1 exclusion: 2 downstairs
Crypt:3 exclusion: downstairs
Depths:1 exclusions: 4 downstairs, dread lich and 3 more exclusions
Depths:2 exclusion: 2 downstairs
Zot:2 exclusion: downstairs
Zot:3 exclusion: downstairs
Zot:4 exclusion: downstairs
Pan Lom Lobon


Innate Abilities, Weirdness & Mutations

Your life essence is reduced to manifest your ancestor. (-10% HP)
You have very sharp teeth.
Your uncanny sense of smell can sniff out nearby items.
Your experience applies equally to all skills.
You are clumsy. (Dex -2)
Armour fits poorly on your strangely shaped body.
Your body sometimes deteriorates upon taking damage.
You are dopey. (Int -2)
Your magical capacity is low. (-10% MP)
You are very weak. (Str -4)
Potions are less effective at restoring your health.
You sometimes lose the ability to read scrolls when taking damage.


Message History

Here: Lom Lobon (severely wounded, surrounded by a freezing vortex, ally target)
The floor.
Unknown command.
The tremorstone explodes into fragments!
The burst of rock shards engulfs Lom Lobon! x2
The burst of rock shards engulfs you!
* * * LOW HITPOINT WARNING * * *
The burst of rock shards engulfs the rakshasa!
The burst of rock shards engulfs Lom Lobon!
The burst of rock shards engulfs you but does no damage.
The burst of rock shards engulfs Lom Lobon.
The burst of rock shards engulfs you but does no damage.
The burst of rock shards engulfs the rakshasa!!
The burst of rock shards engulfs Lom Lobon.
You are engulfed in whirling frost.
You hear a chilling moan.
You hear a roar!
You hear a chilling moan.
You hear a shout!
You hear a roar!
You hear a shout!
You hear a roar! x2
* * * LOW HITPOINT WARNING * * *
The rakshasa dies!
The rakshasa shimmers and vanishes!
The green death dies!
The green death shimmers and vanishes!
You block Lom Lobon's attack. You block the rakshasa's attack.
Aiming: Phantom Mirror
Press: ? - help, Dir - move target, f - Lom Lobon
Aim: Lom Lobon (severely wounded, surrounded by a freezing vortex, ally target)
You reflect Lom Lobon with the mirror!
The mirror clouds!
You are engulfed in whirling frost.
* * * LOW HITPOINT WARNING * * *
The rakshasa dies!
* * * LOW HITPOINT WARNING * * *
The green death dies!
Lom Lobon gestures.
Lom Lobon is healed.
Lom Lobon hits Tochtli but does no damage.
A yellow draconian annihilator opens the door.
Found a ring mail and a magical rune of Zot.
Your system partially rejects the healing.
You feel much better.
You are engulfed in whirling frost.
You die...

###.....###
##§§§§§§§§§##
##.§§§§§§§p§§##
#..§§§§§§§§§§.#
##..§§§§§§§§§§.#
#...§§§§§§§§§§..#
....§§§§&&§§§§...
...2§§§§R§§§§§...
....§§§§@§§§§§...
#...§§§§§§§§§§..#
##...§§§§§§§§§.#
#....##'##....#
##..# q.. #..##
##[ ... .## # .φ.
# #####


You could see the friendly Tochtli the hexer, Lom Lobon (vortex, ally target), a
yellow draconian annihilator, a blizzard demon, a wizard and the friendly Lom
Lobon (summoned, vortex, drained).

Vanquished Creatures
  the Royal Jelly (Slime:5)
  Gloorx Vloq (Pan)
  Mnoleg (Pan)
  A dread lich (Zot:4)
  4 ancient liches
  An orb of fire (Zot:3)
  Mara (Swamp:3)
  4 juggernauts
  The ghost of Onied the Impregnable, a veteran MiGl of Hepliaklqana (Crypt:1)
  8 Killer Klowns (Zot:5)
  3 curse toes
  7 caustic shrikes (Depths:3)
  5 golden dragons
  The ghost of yalue the Executioner, an adept MiFi of the Shining One (Crypt:1)
  the Enchantress (Depths:2)
  A profane servitor (Abyss:4)
  A bone dragon (Crypt:1)
  A pandemonium lord (Pan)
  4 electric golems
  3 Tzitzimimeh (Pan)
  6 Brimstone Fiends (Pan)
  Jorgrun (D:15)
  A walking crystal tome (Depths:4)
  2 walking earthen tomes (Depths:3)
  Rupert (Spider:1)
  An Ice Fiend (Pan)
  2 deep elf blademasters (Elf:3)
  20 Orb Guardians
  5 titans
  15 tentacled monstrosities
  2 deep elf master archers (Elf:3)
  5 liches
  5 quicksilver dragons
  15 acid blobs
  12 ancient champions
  10 Executioners
  9 shadow dragons
  2 tentacled starspawn (Abyss:4)
  9 death cobs
  6 storm dragons
  4 sphinxes
  A storm dragon (shapeshifter) (Depths:2)
  2 revenants
  5 thorn hunters
  5 tengu reavers
  A demonspawn warmonger (Pan)
  15 rockslimes
  The ghost of Ypsiuj the Thaumaturge, an adept GnSk of Makhleb (Swamp:4)
  5 draconian knights
  4 frost giants
  14 azure jellies
  8 fire giants
  4 deep elf sorcerers
  The ghost of Buowotip the Earth Mage, an adept DrEE of the Shining One (Swamp:3)
  The ghost of Buowotip the Earth Mage, an adept DrEE of the Shining One (Swamp:4)
  3 draconian monks
  5 balrugs (Pan)
  14 vault wardens
  2 deep elf elementalists (Elf:3)
  2 curse skulls (Pan)
  2 orc warlords (Vaults:3)
  5 emperor scorpions
  2 broodmothers
  3 draconian scorchers
  6 ghost moths
  9 cacodemons
  A draconian stormcaller (Zot:5)
  A juggernaut skeleton (Crypt:1)
  A juggernaut zombie (Depths:3)
  2 draconian annihilators
  6 draconian shifters
  6 quicksilver oozes
  5 spriggan defenders
  4 reapers
  9 ghouls
  4 demonspawn corrupters (Pan)
  2 demonspawn blood saints (Pan)
  2 war gargoyles (Vaults:5)
  22 very ugly things
  7 ironbound thunderhulks
  2 eleionomae
  14 ironbound preservers
  12 stone giants
  8 vampire knights
  2 demonspawn black suns (Pan)
  9 deep elf demonologists
  7 green draconians
  2 lorocyprocas
  7 black draconians
  7 purple draconians
  4 bunyips
  7 deep elf annihilators
  4 dire elephants
  14 white draconians
  6 yellow draconians
  Azrael (Spider:1)
  10 spark wasps
  17 deep elf death magi
  8 red draconians
  8 ettins
  2 blizzard demons (Pan)
  4 eidola
  2 green deaths (Pan)
  2 deep elf high priests (Elf:3)
  7 fire dragons
  16 jiangshi
  10 yaktaur captains
  A shambling mangrove (Swamp:4)
  6 great orbs of eyes
  3 boulder beetles
  A fenstrider witch zombie (Crypt:3)
  36 vault guards
  22 hydras
  5 rakshasas
  7 ice dragons
  7 spriggan air magi
  2 spriggan skeletons
  A peacekeeper (Vaults:4)
  3 ogre magi
  3 ghost crabs
  3 death knights
  2 jorogumos
  18 centaur warriors
  A jorogumo (shapeshifter) (Depths:3)
  7 ironbound frosthearts
  2 radroaches
  13 two-headed ogres
  A fenstrider witch skeleton (Pan)
  7 death yaks
  3 deep troll earth magi
  A catoblepas (D:14)
  4 thrashing horrors
  8 death scarabs
  7 deep troll shamans
  4 satyrs (Depths:2)
  9 vampire magi
  8 spriggan berserkers
  5 alligators
  38 dancing weapons
  An orc high priest (Orc:1)
  A shock serpent (shapeshifter) (Depths:3)
  A storm dragon zombie (Depths:3)
  7 tengu warriors
  26 deep elf knights
  30 soul eaters
  17 sun demons
  17 hell knights
  9 spriggans
  A fire crab (shapeshifter) (Vaults:5)
  7 shadow wraiths
  A spark wasp zombie (Depths:3)
  A sun moth (Spider:1)
  2 wretched stars (Abyss:3)
  2 anaconda zombies
  6 pharaoh ants
  A steelbarb worm (Spider:1)
  29 skeletal warriors
  A titan skeleton (Depths:3)
  7 iron trolls
  9 sixfirhies
  2 death drakes (Swamp:3)
  10 goliath frogs
  5 spriggan druids
  50 deep trolls
  A sea snake (shapeshifter) (Vaults:4)
  9 flayed ghosts
  3 glowing orange brains
  13 bog bodies
  3 shadow demons (Pan)
  9 wizards
  18 deep elf archers
  2 starcursed masses (WizLab)
  4 orange crystal statues (D:8)
  5 orb spiders
  A tengu zombie (Depths:3)
  15 phantasmal warriors
  4 harpies
  17 ironbound convokers
  An obsidian statue (WizLab)
  2 spectral wolf spiders (Spider:4)
  2 lindwurms (Lair:6)
  A mana viper (WizLab)
  10 orc knights
  25 deep elf pyromancers
  An anaconda skeleton (Pan)
  A shadow dragon zombie (Crypt:2)
  Pikel (D:7)
  7 necromancers
  5 swamp dragons
  32 deep elf zephyrmancers
  2 golden dragon skeletons
  An iron dragon zombie (Crypt:2)
  12 wolf spiders
  A wolf spider zombie (Spider:4)
  6 will-o-the-wisps
  4 shining eyes
  4 orc sorcerers
  6 cyclopes
  A shining eye (shapeshifter) (Vaults:4)
  6 fauns (Depths:2)
  20 ugly things
  2 worldbinders
  2 manticores
  A sphinx skeleton (Depths:3)
  21 moths of wrath
  5 elephants
  A guardian serpent (WizLab)
  2 ice statues (Depths:1)
  A rust devil (Depths:3)
  22 vault sentinels
  4 black mambas
  A gargoyle (D:8)
  Joseph (Lair:1)
  An eye of devastation (Abyss:4)
  A water nymph (Depths:2)
  10 orange demons
  9 smoke demons
  3 unseen horrors
  Maggie (D:7)
  5 torpor snails
  4 rime drakes
  10 cane toads
  2 hellions
  20 demonic crawlers
  3 spectral redbacks (Spider:4)
  5 komodo dragons
  A kobold demonologist (D:11)
  28 yaktaurs
  An efreet (D:15)
  4 freezing wraiths
  3 redback zombies
  8 hellwings
  3 ice devils
  3 tengu conjurers
  3 tormentors (Pan)
  2 guardian mummies (Crypt:3)
  A yellow draconian skeleton (Crypt:3)
  A bloated husk (Swamp:3)
  12 meliai
  A white draconian skeleton (Crypt:2)
  3 red devils
  9 trolls
  An ancient zyme (Abyss:3)
  A human skeleton (WizLab)
  A sea snake skeleton (Crypt:2)
  20 tarantellas
  2 polar bears
  14 blink frogs
  24 hornets
  4 spectral jumping spiders (Spider:4)
  2 harpy skeletons
  74 slime creatures
  An alligator zombie (Crypt:1)
  4 raiju (Abyss:4)
  A spectral tarantella (Spider:4)
  4 dream sheep (Lair:6)
  17 tyrant leeches
  3 jumping spider zombies (Spider:4)
  3 tarantella zombies (Spider:4)
  A dream sheep (shapeshifter) (Vaults:4)
  4 air elementals
  15 jumping spiders
  2 vampires
  Sigmund (D:4)
  9 culicivoras
  A fire dragon skeleton (Pan)
  6 flying skulls (Crypt:2)
  2 ettin skeletons (Crypt:1)
  An ice dragon skeleton (Pan)
  11 wraiths
  A water elemental (Elf:2)
  10 fire elementals
  4 fire bats (Pan)
  4 ynoxinuls
  17 humans (D:14)
  3 wyverns
  41 yaks
  16 neqoxecs
  27 redbacks
  3 basilisks
  9 chaos spawn
  3 steam dragons
  11 golden eyes
  15 vampire mosquitoes
  An elf skeleton (WizLab)
  A redback (shapeshifter) (Vaults:5)
  4 wargs
  3 spatial vortices (WizLab)
  A demonspawn zombie (Crypt:3)
  20 large abominations
  A naga (shapeshifter) (Depths:4)
  11 swamp worms
  A two-headed ogre zombie (Crypt:2)
  2 acid dragons
  12 water moccasins
  Duvessa (D:4)
  3 floating eyes
  2 hell hounds (Spider:1)
  18 swamp drakes
  3 black bears
  A sky beast (D:4)
  A two-headed ogre skeleton (Crypt:1)
  25 orc warriors
  An ice beast (D:7)
  24 ogres
  3 small abominations
  2 necrophages
  8 centaurs
  21 wolves
  A phantom (D:5)
  A dream sheep skeleton (Crypt:2)
  10 hexers
  A lemure (D:7)
  8 bullfrogs
  5 kobold brigands
  A draconian zombie (Crypt:2)
  5 earth elementals
  5 scorpions
  A wyvern skeleton (D:7)
  Dowan (D:4)
  A shapeshifter zombie (Crypt:1)
  11 killer bees
  A water moccasin skeleton (D:5)
  A troll skeleton (Crypt:1)
  A vampire bat (Orc:2)
  11 wights
  4 electric eels
  A wolf skeleton (Crypt:2)
  3 quasits
  18 orc priests
  A jelly (D:5)
  5 centaur zombies
  A gnoll shaman (D:9)
  6 centaur skeletons
  3 hounds
  5 iguanas
  A basilisk skeleton (Crypt:1)
  2 iron imps (Abyss:4)
  Jessica (D:3)
  22 orc wizards
  A killer bee zombie (D:9)
  An acid dragon skeleton (Crypt:2)
  A hound skeleton (D:2)
  3 howler monkey zombies (D:9)
  6 gnolls
  2 howler monkey skeletons
  11 adders
  A white imp (D:6)
  2 ufetubi
  An adder skeleton (Crypt:1)
  3 worms
  A barachi skeleton (Crypt:3)
  A dart slug (D:1)
  85 orcs
  13 bats
  A bat zombie (Crypt:2)
  12 endoplasms
  4 giant cockroaches
  13 goblins
  13 hobgoblins
  3 jackals
  2 quokkas
  15 ball pythons
  3 frilled lizards
  A goblin skeleton (D:6)
  3 hobgoblin zombies (D:6)
  35 kobolds
  3 orc skeletons
  An orc zombie (D:6)
  6 rats
  A rat zombie (Crypt:1)
  A spectral hobgoblin (D:14)
  4 briar patches (Depths:2)
  3 starspawn tentacles (Abyss:4)
2480 creatures vanquished.

Vanquished Creatures (collateral kills)
  An ancient lich (Crypt:1)
  3 orbs of fire (Zot:5)
  Boris (Crypt:3)
  A Killer Klown (Zot:5)
  A golden dragon (Zot:4)
  The ghost of yalue the Executioner, an adept MiFi of the Shining One (Crypt:2)
  A Brimstone Fiend (Pan)
  A Hell Sentinel (Pan)
  A titan (Depths:3)
  5 Orb Guardians (Zot:5)
  4 tentacled monstrosities
  An Ice Fiend (Depths:1)
  4 acid blobs
  A quicksilver dragon (Zot:2)
  A walking divine tome (Depths:3)
  A sphinx (Vaults:3)
  3 Executioners (Pan)
  2 storm dragons
  A shadow dragon (Vaults:5)
  A tengu reaver (Depths:3)
  A fenstrider witch (Swamp:4)
  A rockslime (Slime:5)
  2 demonspawn warmongers (Pan)
  2 draconian monks
  The ghost of Keoguots the Thaumaturge, an adept GnSk of Makhleb (Swamp:3)
  2 emperor scorpions
  A balrug (Pan)
  A ghost moth (Zot:3)
  2 cacodemons (Pan)
  An orc warlord (Bailey)
  A curse skull (Crypt:2)
  2 vault wardens
  A draconian shifter (Zot:4)
  5 ironbound preservers
  A draconian stormcaller (Zot:4)
  A ghoul (Crypt:2)
  A demonspawn blood saint (Pan)
  2 very ugly things
  3 stone giants
  A reaper (Pan)
  A vampire knight (Crypt:3)
  An ironbound thunderhulk (Vaults:1)
  A war gargoyle (Vaults:4)
  2 eleionomae
  A black draconian (Zot:4)
  A starcursed mass (Abyss:3)
  3 green draconians
  3 deep elf annihilators
  2 red draconians
  A yellow draconian (Zot:4)
  A spark wasp (Depths:1)
  A deep elf demonologist (Elf:3)
  An entropy weaver (Spider:1)
  3 bunyips
  4 white draconians
  A dire elephant (Vaults:1)
  A green death (Pan)
  A jiangshi (Crypt:2)
  A blizzard demon (Pan)
  A fire dragon (Depths:4)
  A deep elf death mage (Elf:3)
  2 great orbs of eyes
  A yaktaur captain (Vaults:4)
  3 ice dragons
  A radroach (Spider:1)
  3 rakshasas
  A spriggan skeleton (Depths:3)
  Harold (D:8)
  4 hydras
  3 two-headed ogres
  A ghost crab (Swamp:2)
  An alligator (Swamp:3)
  A deep troll shaman (Depths:2)
  2 spriggan air magi
  A death knight (Crypt:3)
  7 dancing weapons
  2 vampire magi (Crypt:3)
  A death yak (Lair:6)
  A thrashing horror (Abyss:4)
  Sonja (Lair:5)
  3 hell knights (Depths:2)
  4 deep elf knights
  9 sun demons (Pan)
  5 soul eaters (Pan)
  An iron troll (Depths:3)
  A sixfirhy (Pan)
  A flayed ghost (Crypt:3)
  5 skeletal warriors
  An orb spider (Spider:4)
  5 deep trolls
  2 steelbarb worms
  A glowing orange brain (Depths:3)
  A shadow demon (Pan)
  A swamp dragon (Swamp:3)
  3 wizards
  3 bog bodies
  2 phantasmal warriors
  4 deep elf pyromancers
  A shadow dragon zombie (Crypt:3)
  A frost giant zombie (Crypt:3)
  A harpy (Vaults:3)
  5 deep elf zephyrmancers (Elf:1)
  A wolf spider (Spider:3)
  2 ugly things
  An orc sorcerer (Orc:1)
  A shining eye (Slime:2)
  A cyclops (D:12)
  3 black mambas
  6 moths of wrath
  2 will-o-the-wisps
  A rust devil (Pan)
  5 elephants
  A water nymph (Depths:2)
  A smoke demon (Abyss:4)
  2 vault sentinels
  2 orange demons (Pan)
  A naga skeleton (Pan)
  A gargoyle (D:12)
  3 torpor snails
  A spectral redback (Spider:4)
  2 yaktaurs
  4 komodo dragons
  6 demonic crawlers
  3 unseen horrors
  2 kobold demonologists
  A tormentor (Depths:3)
  4 freezing wraiths
  A hellwing (Pan)
  2 guardian mummies (Crypt:3)
  A burning bush (Lair:2)
  7 trolls
  A bloated husk (Swamp:4)
  3 hornets
  A wind drake (WizLab)
  A purple draconian skeleton (Crypt:3)
  4 tarantellas
  A harpy skeleton (Crypt:3)
  A harpy zombie (Crypt:3)
  11 slime creatures
  2 blink frogs
  A spectral tarantella (Spider:4)
  A tyrant leech (Swamp:1)
  A large abomination (Abyss:4)
  2 culicivoras
  2 spriggans
  A water elemental (Elf:3)
  A wyvern (D:9)
  12 yaks
  3 wraiths
  4 jumping spiders
  Grum (D:8)
  A vampire (Crypt:3)
  4 humans (D:14)
  6 neqoxecs (Pan)
  13 redbacks
  A basilisk (Lair:6)
  A chaos spawn (Pan)
  A steam dragon (D:7)
  4 vampire mosquitoes
  A spatial vortex (WizLab)
  A warg (Vaults:5)
  A swamp worm (Swamp:4)
  2 acid dragons (Lair:6)
  4 water moccasins
  2 floating eyes
  7 orc warriors
  A swamp drake (Swamp:4)
  5 ogres
  7 wolves
  A human skeleton (WizLab)
  A centaur (D:9)
  A lemure (D:7)
  2 kobold brigands
  An earth elemental (Elf:2)
  6 bullfrogs
  A killer bee (D:9)
  A vampire bat (Orc:2)
  A gnoll shaman (Orc:2)
  A bullfrog zombie (D:5)
  5 orc priests
  A centaur skeleton (D:6)
  An iguana (D:6)
  6 orc wizards
  A killer bee zombie (D:6)
  A naga zombie (Crypt:3)
  2 gnolls
  11 orcs
  An endoplasm (D:7)
  A goblin (D:8)
  2 hobgoblins
  4 kobolds
  A hobgoblin zombie (D:6)
  An orc zombie (D:6)
  A briar patch (Depths:2)
  2 butterflies (D:9)
437 creatures vanquished.

Vanquished Creatures (others)
  22 eldritch tentacles
  A draconian knight (Zot:4)
  A fire giant (Depths:3)
  A rakshasa (Pan)
  A slime creature (Slime:1)
  A smoke demon (Pan)
  A demonic crawler (Pan)
  2 bloated husks
  A tarantella (Spider:1)
  A golden eye (Abyss:3)
  2 neqoxecs (Pan)
  An orc wizard (D:4)
  An ancestor (D:6)
  132 hexers
  A briar patch (Depths:2)
  23 foxfires
  56 fungi
  203 plants
  6 starspawn tentacles
457 creatures vanquished.

Grand Total: 3374 creatures vanquished

Notes
Turn   | Place    | Note
-------+----------+-------------------------------------------
     0 | D:1      | AarnesTheHuman the Gnoll Fighter began the quest for the
                  | Orb.
     0 | D:1      | Reached XP level 1. HP: 23/23 MP: 1/1
   350 | D:1      | Reached XP level 2. HP: 29/29 MP: 2/2
   478 | D:1      | Found a faded altar of an unknown god.
   570 | D:1      | Reached XP level 3. HP: 35/35 MP: 3/3
  1065 | D:2      | Reached skill level 1 in Invocations
  1153 | D:2      | Reached skill level 1 in Short Blades
  1153 | D:2      | Reached skill level 1 in Long Blades
  1153 | D:2      | Reached skill level 1 in Maces & Flails
  1153 | D:2      | Reached skill level 1 in Polearms
  1153 | D:2      | Reached skill level 1 in Staves
  1153 | D:2      | Reached skill level 1 in Slings
  1153 | D:2      | Reached skill level 1 in Bows
  1153 | D:2      | Reached skill level 1 in Crossbows
  1153 | D:2      | Reached skill level 1 in Throwing
  1153 | D:2      | Reached skill level 1 in Dodging
  1153 | D:2      | Reached skill level 1 in Stealth
  1153 | D:2      | Reached skill level 1 in Unarmed Combat
  1153 | D:2      | Reached skill level 1 in Spellcasting
  1153 | D:2      | Reached skill level 1 in Evocations
  1175 | D:2      | Reached XP level 4. HP: 37/41 MP: 5/5
  1343 | D:2      | Reached skill level 1 in Conjurations
  1343 | D:2      | Reached skill level 1 in Hexes
  1343 | D:2      | Reached skill level 1 in Summonings
  1343 | D:2      | Reached skill level 1 in Necromancy
  1343 | D:2      | Reached skill level 1 in Translocations
  1343 | D:2      | Reached skill level 1 in Transmutations
  1343 | D:2      | Reached skill level 1 in Fire Magic
  1343 | D:2      | Reached skill level 1 in Ice Magic
  1343 | D:2      | Reached skill level 1 in Air Magic
  1343 | D:2      | Reached skill level 1 in Earth Magic
  1343 | D:2      | Reached skill level 1 in Poison Magic
  1767 | D:2      | Found the +11 plutonium sword {Contam Stlth-}
  1825 | D:2      | Found Eblixuxu's Distillery.
  1937 | D:2      | Bought a potion of curing for 39 gold pieces
  2316 | D:3      | Reached XP level 5. HP: 27/47 MP: 6/6
  2438 | D:3      | Noticed Jessica
  2448 | D:3      | Killed Jessica
  2466 | D:3      | You fall into a shaft and drop 2 floors!
  2466 | D:5      | Entered Level 5 of the Dungeon
  2466 | D:5      | Found Hirhext's Antique Weapon Boutique.
  2504 | D:5      | Noticed a sky beast
  2511 | D:4      | Noticed Sigmund
  2511 | D:4      | Noticed Duvessa
  2511 | D:4      | Noticed Dowan
  2528 | D:4      | Found a staircase to the Ecumenical Temple.
  2537 | Temple   | Entered the Ecumenical Temple
  2541 | Temple   | Reached skill level 2 in Invocations
  2541 | Temple   | Reached XP level 6. HP: 53/53 MP: 8/8
  2764 | Temple   | Became a worshipper of Hepliaklqana the Forgotten
  2811 | D:3      | Found a basalt altar of Yredelemnul.
  2939 | D:3      | Identified the +3 hunting sling "Worm's Wrath" {speed,
                  | rPois}
  3148 | D:3      | Found a faded altar of an unknown god.
  3151 | D:3      | Found a white marble altar of Elyvilon.
  3378 | D:3      | Reached skill level 5 in Axes
  3552 | D:4      | Killed Duvessa
  3655 | D:4      | Reached XP level 7. HP: 59/59 MP: 10/10
  3896 | D:4      | Killed Dowan
  3908 | D:4      | Killed Sigmund
  3909 | D:4      | Reached skill level 3 in Invocations
  3909 | D:4      | Reached XP level 8. HP: 31/67 MP: 10/12
  4266 | D:4      | Found a hide-covered altar of Uskayaw.
  4477 | D:5      | Found Wounashe's Magic Scroll Shoppe.
  4632 | D:5      | Reached * piety under Hepliaklqana
  4703 | D:5      | Found Azxixt's Distillery.
  4885 | D:5      | Found a shadowy altar of Dithmenos.
  4995 | D:5      | Found Jabrutugh's Weapon Shop.
  5205 | D:6      | Identified the +6 falchion of the Crypt {vorpal, rC+}
  5220 | D:6      | Found a glowing golden altar of the Shining One.
  5260 | D:6      | Reached skill level 4 in Invocations
  5283 | D:6      | Reached XP level 9. HP: 20/64 MP: 14/14
  5567 | D:6      | Reached ** piety under Hepliaklqana
  5568 | D:6      | Remembered your ancestor Tochtli as a hexer
  5643 | D:6      | Found an iron altar of Okawaru.
  6265 | D:7      | Noticed Maggie
  6654 | D:7      | Found an opulent altar of Gozag.
  6747 | D:7      | Killed Maggie
  6748 | D:7      | Reached skill level 5 in Invocations
  6825 | D:7      | Noticed Pikel
  6832 | D:7      | Killed Pikel
  6833 | D:7      | Reached XP level 10. HP: 58/72 MP: 17/17
  6917 | D:7      | Found a sparkling altar of Nemelex Xobeh.
  7083 | D:8      | Reached skill level 5 in Short Blades
  7083 | D:8      | Reached skill level 5 in Long Blades
  7083 | D:8      | Reached skill level 5 in Maces & Flails
  7083 | D:8      | Reached skill level 5 in Polearms
  7083 | D:8      | Reached skill level 5 in Staves
  7083 | D:8      | Reached skill level 5 in Slings
  7083 | D:8      | Reached skill level 5 in Bows
  7083 | D:8      | Reached skill level 5 in Crossbows
  7083 | D:8      | Reached skill level 5 in Throwing
  7083 | D:8      | Reached skill level 5 in Dodging
  7083 | D:8      | Reached skill level 5 in Stealth
  7083 | D:8      | Reached skill level 5 in Unarmed Combat
  7083 | D:8      | Reached skill level 5 in Spellcasting
  7083 | D:8      | Reached skill level 5 in Evocations
  7131 | D:8      | Noticed Grum
  7152 | D:8      | Killed Grum
  7171 | D:8      | Noticed a manticore
  7184 | D:8      | Killed a manticore
  7222 | D:8      | Found Fahext's Antique Weapon Emporium.
  7225 | D:8      | Found Xeot's General Store.
  7225 | D:8      | Found Veheyn's Armour Emporium.
  7230 | D:8      | Found Ustrucw's Jewellery Emporium.
  7255 | D:8      | Found the +10 tower shield of Ignorance {rN+ Int-4}
  7264 | D:8      | Found a runed translucent door.
  7264 | D:8      | Noticed an orange crystal statue
  7299 | D:8      | Noticed Harold
  7315 | D:8      | Killed Harold
  7366 | D:8      | Found Beutaux's Book Shoppe.
  7403 | D:8      | Found a flagged portal.
  7413 | Bailey   | Entered a bailey
  7437 | Bailey   | Reached skill level 6 in Invocations
  7450 | Bailey   | Noticed an orc warlord
  7641 | Bailey   | Found a runed translucent gate.
  7641 | Bailey   | Found a runed translucent gate.
  7643 | Bailey   | Found a runed translucent gate.
  7799 | Bailey   | Killed an orc warlord
  8009 | D:8      | Noticed a gargoyle
  8026 | D:8      | Killed a gargoyle
  8027 | D:8      | Reached XP level 11. HP: 78/78 MP: 19/19
  8157 | D:8      | Found a runed translucent door.
  8159 | D:8      | Reached *** piety under Hepliaklqana
  8373 | D:9      | Found a shimmering altar of Xom.
  8373 | D:9      | Noticed a centaur warrior
  8401 | D:9      | Killed a centaur warrior
  8402 | D:9      | Reached skill level 5 in Conjurations
  8402 | D:9      | Reached skill level 5 in Hexes
  8402 | D:9      | Reached skill level 5 in Summonings
  8402 | D:9      | Reached skill level 5 in Necromancy
  8402 | D:9      | Reached skill level 5 in Translocations
  8402 | D:9      | Reached skill level 5 in Transmutations
  8402 | D:9      | Reached skill level 5 in Fire Magic
  8402 | D:9      | Reached skill level 5 in Ice Magic
  8402 | D:9      | Reached skill level 5 in Air Magic
  8402 | D:9      | Reached skill level 5 in Earth Magic
  8402 | D:9      | Reached skill level 5 in Poison Magic
  8854 | D:9      | Noticed a five-headed hydra
  8867 | D:9      | Killed a five-headed hydra
  8986 | D:9      | Noticed a two-headed ogre
  8996 | D:9      | Killed a two-headed ogre
  8997 | D:9      | Reached skill level 7 in Invocations
  9246 | D:9      | Identified the +1 scale mail "Dogaa" {rC+ rN+ Will++}
  9320 | D:8      | Noticed an orange crystal statue
  9320 | D:8      | Noticed an orange crystal statue
  9320 | D:8      | Noticed an orange crystal statue
  9703 | D:10     | Entered Level 10 of the Dungeon
  9957 | D:10     | Found a staircase to the Lair.
 10040 | D:10     | Found Zin's Purification Station.
 10046 | D:10     | Found a glowing silver altar of Zin.
 10118 | D:10     | Found a bloodstained altar of Trog.
 10208 | D:10     | Noticed a boulder beetle
 10253 | D:10     | Killed a boulder beetle
 10351 | D:10     | Reached XP level 12. HP: 79/86 MP: 22/22
 10489 | Lair:1   | Entered Level 1 of the Lair of Beasts
 10642 | Lair:1   | Reached **** piety under Hepliaklqana
 10726 | Lair:1   | Learned a level 2 spell: Poisonous Vapours
 10729 | Lair:1   | Learned a level 2 spell: Passwall
 10761 | Lair:1   | Noticed Joseph
 10776 | Lair:1   | Killed Joseph
 11731 | Lair:2   | Reached skill level 8 in Invocations
 11947 | Lair:2   | Reached ***** piety under Hepliaklqana
 11977 | Lair:1   | Reached skill level 10 in Fighting
 11977 | Lair:1   | Reached skill level 10 in Armour
 11977 | Lair:1   | Reached skill level 10 in Shields
 12160 | Lair:2   | Noticed a seven-headed hydra
 12421 | Lair:2   | Killed a seven-headed hydra
 12807 | Lair:3   | Found an ornate altar of the Wu Jian Council.
 12904 | Lair:3   | Noticed a five-headed hydra
 13293 | Lair:3   | Reached XP level 13. HP: 92/92 MP: 24/24
 13599 | Lair:3   | Found a staircase to the Swamp.
 13814 | Lair:4   | Learned a level 3 spell: Mephitic Cloud
 13818 | Lair:4   | Learned a level 3 spell: Ignite Poison
 14114 | Lair:4   | Identified the ring of Secon {rPois Int+5}
 14232 | Lair:4   | Found a hole to the Spider Nest.
 14616 | Lair:5   | Reached skill level 9 in Invocations
 15559 | Lair:5   | Noticed Sonja
 15566 | Lair:5   | Killed Sonja
 15864 | Lair:5   | Found a viscous altar of Jiyva.
 15864 | Lair:5   | Found a staircase to the Slime Pits.
 16012 | Lair:6   | Entered Level 6 of the Lair of Beasts
 16405 | D:8      | Bought a scroll of identify for 28 gold pieces
 16405 | D:8      | Bought a scroll of enchant weapon for 105 gold pieces
 16971 | Lair:6   | Reached skill level 10 in Axes
 16971 | Lair:6   | Reached XP level 14. HP: 99/101 MP: 11/26
 17977 | Lair:6   | Reached skill level 10 in Invocations
 18862 | Lair:6   | Reached ****** piety under Hepliaklqana
 18943 | Lair:6   | Found a runed translucent door.
 20457 | D:12     | Found a transporter.
 20464 | D:12     | Found a one-way gate to the infinite horrors of the Abyss.
 20464 | D:12     | Noticed lenfi's ghost (journeyman FoMo)
 20469 | D:12     | Noticed a red very ugly thing
 20962 | D:12     | Reached XP level 15. HP: 108/108 MP: 25/28
 20997 | D:12     | Found a staircase to the Orcish Mines.
 21538 | D:12     | Found a transporter.
 22019 | D:12     | Learned a level 3 spell: Stone Arrow
 22070 | Orc:1    | Entered Level 1 of the Orcish Mines
 22786 | Orc:1    | Reached skill level 10 in Short Blades
 22786 | Orc:1    | Reached skill level 10 in Long Blades
 22786 | Orc:1    | Reached skill level 10 in Maces & Flails
 22786 | Orc:1    | Reached skill level 10 in Polearms
 22786 | Orc:1    | Reached skill level 10 in Staves
 22786 | Orc:1    | Reached skill level 10 in Slings
 22786 | Orc:1    | Reached skill level 10 in Bows
 22786 | Orc:1    | Reached skill level 10 in Crossbows
 22786 | Orc:1    | Reached skill level 10 in Throwing
 22786 | Orc:1    | Reached skill level 10 in Dodging
 22786 | Orc:1    | Reached skill level 10 in Stealth
 22786 | Orc:1    | Reached skill level 10 in Unarmed Combat
 22786 | Orc:1    | Reached skill level 10 in Spellcasting
 22786 | Orc:1    | Reached skill level 10 in Evocations
 23343 | Orc:1    | Found Liuschao's Antique Armour Shoppe.
 23534 | Orc:1    | Bought a crude cloak for 209 gold pieces
 23534 | Orc:1    | Identified the +0 cloak of Claustrophobia {rF+} (You bought
                  | it in a shop on level 1 of the Orcish Mines)
 23561 | Orc:2    | Entered Level 2 of the Orcish Mines
 23561 | Orc:2    | Found Cuxorch's Book Boutique.
 23796 | D:12     | Reached skill level 11 in Invocations
 25782 | Orc:2    | Found Meju's Distillery.
 25996 | Orc:2    | Found Ogaps's Antique Armour Shop.
 25996 | Orc:2    | Found Apiocs's Weapon Boutique.
 26214 | Orc:2    | Found a staircase to the Elven Halls.
 26528 | Orc:2    | Bought a steaming cloak for 275 gold pieces
 26528 | Orc:2    | Identified the +0 cloak of Boredom {Str+7 Int-3} (You
                  | bought it in a shop on level 2 of the Orcish Mines)
 26534 | Orc:2    | Bought a potion of heal wounds for 70 gold pieces
 26534 | Orc:2    | Bought a potion of heal wounds for 70 gold pieces
 26643 | D:8      | Bought Great Wizards, Vol. VII for 390 gold pieces
 26648 | D:8      | Learned a level 4 spell: Passage of Golubria
 27893 | D:14     | Reached XP level 16. HP: 115/115 MP: 24/30
 27945 | D:14     | Found a gate to the Vaults.
 27998 | D:14     | Found a hazy altar of Hepliaklqana.
 28477 | D:14     | Identified the +6 plate armour of Omission {Harm Rampage
                  | Str+8 Int-5}
 28951 | D:15     | Entered Level 15 of the Dungeon
 29769 | D:15     | Found a bloodstained altar of Trog.
 30054 | D:15     | Noticed Jorgrun
 30073 | D:15     | Killed Jorgrun
 30138 | D:15     | Identified the +0 ring mail "Nudampon" {Slay+3}
 30680 | D:15     | Found a staircase to the Depths.
 31024 | Spider:1 | Entered Level 1 of the Spider Nest
 31031 | Spider:1 | Reached skill level 12 in Invocations
 31775 | Spider:1 | Noticed Azrael
 31787 | Spider:1 | Killed Azrael
 32621 | Spider:1 | Noticed Rupert
 32630 | Spider:1 | Killed Rupert
 32894 | Spider:1 | You fall into a shaft and drop 1 floor!
 32950 | Spider:2 | Reached XP level 17. HP: 122/122 MP: 13/32
 35906 | Spider:3 | Learned a level 5 spell: Freezing Cloud
 37551 | Spider:4 | Entered Level 4 of the Spider Nest
 38394 | Spider:4 | Reached skill level 10 in Conjurations
 38394 | Spider:4 | Reached skill level 10 in Hexes
 38394 | Spider:4 | Reached skill level 10 in Summonings
 38394 | Spider:4 | Reached skill level 10 in Necromancy
 38394 | Spider:4 | Reached skill level 10 in Translocations
 38394 | Spider:4 | Reached skill level 10 in Transmutations
 38394 | Spider:4 | Reached skill level 10 in Fire Magic
 38394 | Spider:4 | Reached skill level 10 in Ice Magic
 38394 | Spider:4 | Reached skill level 10 in Air Magic
 38394 | Spider:4 | Reached skill level 10 in Earth Magic
 38394 | Spider:4 | Reached skill level 10 in Poison Magic
 39193 | D:2      | Bought a potion of flight for 39 gold pieces
 39193 | D:2      | Bought 2 potions of heal wounds for 130 gold pieces
 39516 | Swamp:1  | Entered Level 1 of the Swamp
 39522 | Swamp:1  | Identified the +7 scythe "Zywehip" {vorpal, +Blink rF-
                  | rCorr SInv}
 39771 | Swamp:1  | Identified the +0 scale mail "Muipt" {Harm rF+ Dex-3 SInv}
 40637 | Swamp:1  | Found a glowing silver altar of Zin.
 41050 | Swamp:1  | Learned a level 4 spell: Summon Ice Beast
 41128 | Swamp:1  | Reached skill level 13 in Invocations
 42098 | Swamp:2  | Reached XP level 18. HP: 125/129 MP: 34/34
 44150 | Swamp:3  | Noticed a tentacled monstrosity
 44762 | Swamp:3  | Noticed Mara
 44876 | Swamp:3  | Killed a tentacled monstrosity
 45104 | Swamp:3  | Learned a level 5 spell: Summon Mana Viper
 45149 | Swamp:3  | Noticed AarnesTheHuman's illusion
 46203 | Swamp:3  | Noticed AarnesTheHuman's illusion
 46229 | Swamp:3  | Killed Mara
 47424 | Swamp:3  | Got Hermeneutics in Simple Steps
 47480 | Swamp:4  | Entered Level 4 of the Swamp
 49307 | Swamp:4  | Found a runed translucent gate.
 49307 | Swamp:4  | Noticed Buowotip's ghost (adept DrEE)
 49308 | Swamp:4  | Found a runed translucent gate.
 49309 | Swamp:4  | Noticed Keoguots's ghost (adept GnSk)
 49310 | Swamp:4  | Found a runed translucent gate.
 49310 | Swamp:4  | Noticed Buowotip's ghost (adept DrEE)
 49310 | Swamp:4  | Noticed Ypsiuj's ghost (adept GnSk)
 49310 | Swamp:4  | Found the amulet of the Air {Inacc Air Fly rElec RMsl}
 50409 | Swamp:4  | Paralysed by a hornet for 1 turns
 51189 | Swamp:4  | Found the ring of the Octopus King
 51193 | Swamp:4  | Identified a ring of the Octopus King {rC+ AC+1 EV+1 Str+1
                  | Int+1 Dex+1}
 51228 | Swamp:4  | Got a decaying rune of Zot
 51401 | Swamp:3  | Killed Buowotip's ghost
 51487 | Swamp:3  | Killed Keoguots's ghost
 51873 | Swamp:4  | Killed Buowotip's ghost
 52008 | Swamp:4  | Killed Ypsiuj's ghost
 52191 | Swamp:4  | Learned a level 5 spell: Borgnjor's Vile Clutch
 52610 | Vaults:1 | Entered Level 1 of the Vaults
 52724 | Vaults:1 | Found Rytiolarr's Book Emporium.
 52805 | Vaults:1 | Reached XP level 19. HP: 136/136 MP: 18/35
 53094 | D:14     | Learned a level 2 spell: Wereblood
 54003 | Vaults:1 | Reached skill level 14 in Invocations
 54008 | Vaults:1 | HP: 6/137 [dire elephant (12)]
 56319 | Vaults:2 | Identified the +8 short sword of the Final Chapter {freeze,
                  | rPois rCorr Str+3 Dex-5}
 57905 | Vaults:2 | Acquired the Tome of the Ancient Souls
 57911 | Vaults:2 | Learned a level 3 spell: Ozocubu's Armour
 58052 | Vaults:2 | Reached XP level 20. HP: 104/144 MP: 8/37
 58554 | Vaults:2 | Found Weoch's Antique Armour Emporium.
 58562 | Vaults:2 | Bought the +3 pair of gauntlets of War {Slay+5} for 1235
                  | gold pieces
 58562 | Vaults:2 | Found the +3 pair of gauntlets of War {Slay+5}
 59644 | Vaults:3 | Found a staircase to the Crypt.
 59882 | Vaults:3 | Reached skill level 15 in Fighting
 59882 | Vaults:3 | Reached skill level 15 in Armour
 59882 | Vaults:3 | Reached skill level 15 in Shields
 61580 | Vaults:4 | Reached skill level 15 in Invocations
 62220 | Vaults:3 | Learned a level 3 spell: Frozen Ramparts
 62965 | Vaults:4 | Learned a level 5 spell: Irradiate
 64226 | Elf:1    | Entered Level 1 of the Elven Halls
 64651 | Elf:1    | Found an ancient bone altar of Kikubaaqudgha.
 64804 | Elf:1    | Reached XP level 21. HP: 152/152 MP: 28/39
 66180 | D:8      | Bought a ring of see invisible for 210 gold pieces
 66586 | Elf:2    | Found Lous's Armour Shoppe.
 66880 | Elf:1    | Reached skill level 15 in Axes
 68068 | Elf:2    | Identified the +8 great mace of Execution {venom, *Rage
                  | rPois rF+}
 68345 | Elf:2    | Found a runed translucent gate.
 68345 | Elf:2    | Found a runed translucent gate.
 68345 | Elf:2    | Found a runed translucent gate.
 69701 | Elf:3    | Entered Level 3 of the Elven Halls
 69724 | Elf:3    | Paralysed by an air elemental for 1 turns
 70850 | Elf:3    | Reached skill level 16 in Invocations
 71010 | Elf:3    | Identified the +4 leather armour "Mogyisitt" {MP+9 Slay+3}
 71251 | Elf:3    | Reached XP level 22. HP: 160/160 MP: 19/40
 72599 | Elf:3    | Identified the +9 hunting sling of Tender Mercy {venom,
                  | Dex+4}
 72628 | Elf:3    | Found the +1 robe of Vines {NoPotionHeal Regen++++}
 72629 | Elf:3    | Identified the ring of Wu Jian's Supremacy {Ice Dex+4
                  | Slay+6}
 72646 | Elf:3    | Reached skill level 15 in Short Blades
 72646 | Elf:3    | Reached skill level 15 in Long Blades
 72646 | Elf:3    | Reached skill level 15 in Maces & Flails
 72646 | Elf:3    | Reached skill level 15 in Polearms
 72646 | Elf:3    | Reached skill level 15 in Staves
 72646 | Elf:3    | Reached skill level 15 in Slings
 72646 | Elf:3    | Reached skill level 15 in Bows
 72646 | Elf:3    | Reached skill level 15 in Crossbows
 72646 | Elf:3    | Reached skill level 15 in Throwing
 72646 | Elf:3    | Reached skill level 15 in Dodging
 72646 | Elf:3    | Reached skill level 15 in Stealth
 72646 | Elf:3    | Reached skill level 15 in Unarmed Combat
 72646 | Elf:3    | Reached skill level 15 in Spellcasting
 72646 | Elf:3    | Reached skill level 15 in Evocations
 72784 | Elf:3    | Found the +8 arc blade {discharge, rElec}
 72799 | Elf:3    | Identified the ring "Kuugil" {Fire rCorr Str-3 Int+4}
 72804 | Elf:3    | Got the Collected Works on the Floating Oath
 73214 | Depths:1 | Entered Level 1 of the Depths
 74375 | Spider:4 | Learned a level 4 spell: Olgreb's Toxic Radiance
 75355 | Spider:4 | Got a gossamer rune of Zot
 75458 | Spider:4 | Reached XP level 23. HP: 166/166 MP: 42/42
 77205 | Depths:1 | Found a one-way gateway to a ziggurat.
 77205 | Depths:1 | Noticed a dread lich
 77417 | Depths:1 | Found a one-way gate leading to the halls of Pandemonium.
 77652 | Depths:1 | You are sucked into a shaft and drop 1 floor!
 78412 | Depths:1 | Found an ornate altar of the Wu Jian Council.
 78501 | Depths:1 | Found a gateway to Hell.
 78507 | Depths:1 | Found Gavonooq's Jewellery Shop.
 78509 | Depths:1 | Found Utaobram's Book Emporium.
 78510 | Depths:1 | Found Paanuesk's Jewellery Shop.
 78528 | Depths:1 | Bought the ring "Feaptole" {rPois rF++ rCorr Dex+4} for
                  | 1142 gold pieces
 78715 | Depths:2 | Reached XP level 24. HP: 143/173 MP: 18/42
 79294 | Depths:2 | Found Mesud Rol's Assorted Antiques.
 79294 | Depths:2 | Found Ruuf's Magic Scroll Boutique.
 79482 | Depths:2 | Reached skill level 17 in Invocations
 80372 | Depths:2 | Noticed the Enchantress
 80393 | Depths:2 | Killed the Enchantress
 80583 | Depths:2 | Learned a level 4 spell: Summon Lightning Spire
 82467 | Depths:3 | Found a sacrificial altar of Ru.
 82637 | Depths:3 | Noticed a juggernaut
 82652 | Depths:3 | Killed a juggernaut
 83379 | Depths:3 | Identified the -6 cloak "Maunu" {rElec rPois MP+9 Stlth-}
 83830 | Depths:3 | Cast into level 3 of the Abyss (spriggan defender)
 83871 | Abyss:3  | Gained mutation: You are agile. (Dex +2) [a cacodemon]
 83992 | Abyss:3  | Noticed an ancient lich
 84422 | Depths:3 | Escaped the Abyss
 84530 | Depths:3 | Noticed a juggernaut
 84555 | Depths:3 | Killed a juggernaut
 84556 | Depths:3 | Reached XP level 25. HP: 174/180 MP: 11/43
 85543 | Depths:4 | Entered Level 4 of the Depths
 85754 | Vaults:1 | Learned a level 5 spell: Lee's Rapid Deconstruction
 86147 | Depths:4 | Noticed a juggernaut
 86159 | Depths:4 | Killed a juggernaut
 86362 | Depths:4 | Found a gate to the Realm of Zot.
 87151 | Depths:4 | Reached skill level 18 in Invocations
 87347 | Depths:4 | Noticed a juggernaut
 87353 | Depths:4 | Killed a juggernaut
 88247 | Vaults:5 | Entered Level 5 of the Vaults
 89978 | Vaults:5 | Identified the amulet "Pinitat" {Reflect Regen+ Int+3 Dex+4
                  | SH+5}
 90163 | Vaults:5 | Reached XP level 26. HP: 167/189 MP: 24/43
 90729 | Vaults:5 | Got a silver rune of Zot
 90840 | Vaults:5 | Identified the +1 chain mail "Sofe Yti" {Int+2}
 90900 | Vaults:5 | Identified the +0 ring mail "Zac Nubi" {rPois rC+ Slay+3}
 91005 | Vaults:5 | Got the Papyrus of Fetching Intoxication
 91417 | Vaults:5 | Identified the +1 ring mail "Uganompo" {+Blink rPois}
 91452 | Vaults:5 | Identified the +10 war axe of the Shining Light {speed,
                  | rCorr}
 91666 | Vaults:5 | Identified the +7 battleaxe of a bailey {flame, Will+
                  | rCorr}
 91874 | Vaults:5 | Identified the +9 spear of Sunlight {vorpal, rElec rPois
                  | Dex-5 Stlth+}
 91874 | Vaults:5 | Identified the +6 scale mail of the Valley {rElec Int-4
                  | Dex+7 SInv}
 92751 | Vaults:5 | Acquired a book of Touch
 92758 | Vaults:5 | Learned a level 4 spell: Dispel Undead
 93022 | Zot:1    | Entered Level 1 of the Realm of Zot
 97054 | Zot:3    | Reached skill level 19 in Invocations
 97226 | Zot:3    | Noticed an orb of fire
 97228 | Zot:3    | Killed an orb of fire
 98023 | Zot:3    | Reached skill level 15 in Conjurations
 98023 | Zot:3    | Reached skill level 15 in Hexes
 98023 | Zot:3    | Reached skill level 15 in Summonings
 98023 | Zot:3    | Reached skill level 15 in Necromancy
 98023 | Zot:3    | Reached skill level 15 in Translocations
 98023 | Zot:3    | Reached skill level 15 in Transmutations
 98023 | Zot:3    | Reached skill level 15 in Fire Magic
 98023 | Zot:3    | Reached skill level 15 in Ice Magic
 98023 | Zot:3    | Reached skill level 15 in Air Magic
 98023 | Zot:3    | Reached skill level 15 in Earth Magic
 98023 | Zot:3    | Reached skill level 15 in Poison Magic
 98454 | Zot:3    | Reached XP level 27. HP: 166/197 MP: 44/44
101105 | Zot:5    | Entered Level 5 of the Realm of Zot
101177 | Zot:5    | Noticed an orb of fire
101177 | Zot:5    | Noticed an orb of fire
101179 | Zot:5    | Gained mutation: You are occasionally teleported next to
                  | monsters. [an orb of fire]
101187 | Zot:5    | Gained mutation: You tend to lose your temper in combat.
                  | [an orb of fire]
102051 | Vaults:5 | Lost mutation: You are agile. (Dex +2) [potion of mutation]
102051 | Vaults:5 | Lost mutation: You tend to lose your temper in combat.
                  | [potion of mutation]
102051 | Vaults:5 | Lost mutation: You are occasionally teleported next to
                  | monsters. [potion of mutation]
102051 | Vaults:5 | Gained mutation: You tend to lose your temper in combat.
                  | [potion of mutation]
102051 | Vaults:5 | Gained mutation: You are partially covered in iridescent
                  | scales. (AC +2) [potion of mutation]
102052 | Vaults:5 | Lost mutation: You are partially covered in iridescent
                  | scales. (AC +2) [potion of mutation]
102052 | Vaults:5 | Lost mutation: You tend to lose your temper in combat.
                  | [potion of mutation]
102052 | Vaults:5 | Gained mutation: You are robust. (+10% HP) [potion of
                  | mutation]
102052 | Vaults:5 | Gained mutation: You possess an exceptional clarity of
                  | mind. [potion of mutation]
102052 | Vaults:5 | Gained mutation: You are partially covered in iridescent
                  | scales. (AC +2) [potion of mutation]
102052 | Vaults:5 | Gained mutation: You have a somewhat thin skeletal
                  | structure. (Dex +2, Stealth+) [potion of mutation]
103278 | Zot:5    | Identified the +5 glaive of Lies {flame, Drain rF+ rC++
                  | rCorr}
103930 | Zot:5    | Noticed an orb of fire
103931 | Zot:5    | Gained mutation: You occasionally shout uncontrollably at
                  | your foes. [an orb of fire]
103952 | Zot:5    | Killed an orb of fire
105032 | Zot:5    | Noticed an ancient lich
105035 | Zot:5    | Killed an ancient lich
105584 | Zot:5    | Killed an orb of fire
106953 | Zot:5    | Noticed a dread lich
106970 | Zot:4    | Killed a dread lich
107297 | Zot:5    | Lost mutation: You possess an exceptional clarity of mind.
                  | [an orb of fire]
107305 | Zot:5    | Killed an orb of fire
107901 | Zot:5    | Noticed an ancient lich
107908 | Zot:5    | Killed an ancient lich
109140 | Crypt:1  | Entered Level 1 of the Crypt
109334 | Depths:1 | Learned a level 4 spell: Airstrike
109613 | Slime:1  | Entered Level 1 of the Pits of Slime
110043 | Slime:3  | Gained mutation: You are clumsy. (Dex -2) [a shining eye]
110375 | Slime:4  | Gained mutation: You tend to lose your temper in combat. [a
                  | shining eye]
110387 | Slime:3  | Lost mutation: You tend to lose your temper in combat.
                  | [potion of mutation]
110387 | Slime:3  | Lost mutation: You are partially covered in iridescent
                  | scales. (AC +2) [potion of mutation]
110387 | Slime:3  | Lost mutation: You have a somewhat thin skeletal structure.
                  | (Dex +2, Stealth+) [potion of mutation]
110387 | Slime:3  | Gained mutation: Your system is resistant to poisons.
                  | (rPois) [potion of mutation]
110387 | Slime:3  | Gained mutation: You expend magic power (3 MP) to
                  | strengthen your wands. [potion of mutation]
110695 | Slime:5  | Entered Level 5 of the Pits of Slime
110820 | Slime:5  | Noticed the Royal Jelly
110832 | Slime:5  | Killed the Royal Jelly
110833 | Slime:5  | Reached skill level 20 in Invocations
113029 | Slime:5  | Identified the +3 hand crossbow of Purpose {elec, Dex+4}
113036 | Slime:5  | Identified the ring "Solag" {Fire Will+ Int+2 Dex+2}
113046 | Slime:5  | Got Fuhuo's Guide on the Compass and Illusion
113064 | Slime:5  | Identified the +1 ring mail "Ecyuny" {Rampage rElec rC-
                  | Dex-4}
113075 | Slime:5  | Got a slimy rune of Zot
113105 | Slime:5  | Acquired 713 gold pieces
113294 | Slime:5  | Gained mutation: You have a pair of small horns on your
                  | head. [a shining eye]
113295 | Slime:5  | Gained mutation: You sometimes lose the ability to read
                  | scrolls when taking damage. [a shining eye]
113644 | Slime:5  | Lost mutation: Your system is resistant to poisons. (rPois)
                  | [potion of mutation]
113644 | Slime:5  | Lost mutation: You are robust. (+10% HP) [potion of
                  | mutation]
113644 | Slime:5  | Gained mutation: Your mind is acute. (Int +2) [potion of
                  | mutation]
113644 | Slime:5  | Gained mutation: Your flesh is heat resistant. (rF+)
                  | [potion of mutation]
113644 | Slime:5  | Gained mutation: You have sharp toenails. [potion of
                  | mutation]
113645 | Slime:5  | Lost mutation: You occasionally shout uncontrollably at
                  | your foes. [potion of mutation]
113645 | Slime:5  | Lost mutation: You have a pair of small horns on your head.
                  | [potion of mutation]
113645 | Slime:5  | Lost mutation: You are clumsy. (Dex -2) [potion of
                  | mutation]
113645 | Slime:5  | Lost mutation: Your flesh is heat resistant. (rF+) [potion
                  | of mutation]
113646 | Slime:5  | Lost mutation: You sometimes lose the ability to read
                  | scrolls when taking damage. [potion of mutation]
113646 | Slime:5  | Lost mutation: Your mind is acute. (Int +2) [potion of
                  | mutation]
113646 | Slime:5  | Lost mutation: You expend magic power (3 MP) to strengthen
                  | your wands. [potion of mutation]
113646 | Slime:5  | Gained mutation: Your natural rate of healing is unusually
                  | fast. [potion of mutation]
113646 | Slime:5  | Gained mutation: You tend to lose your temper in combat.
                  | [potion of mutation]
113646 | Slime:5  | Gained mutation: Potions are less effective at restoring
                  | your health. [potion of mutation]
113646 | Slime:5  | Gained mutation: You are covered in fur. (AC +1) [potion of
                  | mutation]
113647 | Slime:5  | Lost mutation: Your natural rate of healing is unusually
                  | fast. [potion of mutation]
113647 | Slime:5  | Lost mutation: You are covered in fur. (AC +1) [potion of
                  | mutation]
113647 | Slime:5  | Gained mutation: Your body sometimes deteriorates upon
                  | taking damage. [potion of mutation]
113647 | Slime:5  | Gained mutation: You are robust. (+10% HP) [potion of
                  | mutation]
113648 | Slime:5  | Lost mutation: You have sharp toenails. [potion of
                  | mutation]
113648 | Slime:5  | Lost mutation: Your body sometimes deteriorates upon taking
                  | damage. [potion of mutation]
113648 | Slime:5  | Lost mutation: You are robust. (+10% HP) [potion of
                  | mutation]
113648 | Slime:5  | Gained mutation: You expend magic power (3 MP) to
                  | strengthen your wands. [potion of mutation]
113648 | Slime:5  | Gained mutation: You are partially covered in iridescent
                  | scales. (AC +2) [potion of mutation]
113648 | Slime:5  | Gained mutation: You have a pair of small horns on your
                  | head. [potion of mutation]
113649 | Slime:5  | Lost mutation: You are partially covered in iridescent
                  | scales. (AC +2) [potion of mutation]
113649 | Slime:5  | Lost mutation: You have a pair of small horns on your head.
                  | [potion of mutation]
113649 | Slime:5  | Lost mutation: You expend magic power (3 MP) to strengthen
                  | your wands. [potion of mutation]
113650 | Slime:5  | Lost mutation: Potions are less effective at restoring your
                  | health. [potion of mutation]
113650 | Slime:5  | Lost mutation: You tend to lose your temper in combat.
                  | [potion of mutation]
113650 | Slime:5  | Gained mutation: You are weak. (Str -2) [potion of
                  | mutation]
113650 | Slime:5  | Gained mutation: Armour fits poorly on your strangely
                  | shaped body. [potion of mutation]
113650 | Slime:5  | Gained mutation: You are very weak. (Str -4) [potion of
                  | mutation]
115651 | Crypt:1  | Acquired the +6 arbalest "Damnation" {damnation}
115651 | Crypt:1  | Found the +6 arbalest "Damnation" {damnation}
117205 | Crypt:2  | Found a basalt altar of Yredelemnul.
117607 | Crypt:2  | Found a runed translucent gate.
117607 | Crypt:2  | Found a runed translucent gate.
117609 | Crypt:2  | Found a runed translucent gate.
117609 | Crypt:2  | Found an ancient bone altar of Kikubaaqudgha.
117611 | Crypt:2  | Noticed an ancient lich
117612 | Crypt:2  | Noticed Onied's ghost (veteran MiGl)
117612 | Crypt:2  | Noticed an ancient lich
117612 | Crypt:2  | Noticed yalue's ghost (adept MiFi)
117613 | Crypt:2  | Noticed yalue's ghost (adept MiFi)
119191 | Crypt:1  | Killed an ancient lich
120124 | Vaults:3 | Learned a level 7 spell: Malign Gateway
120133 | Crypt:1  | Killed yalue's ghost
120535 | Crypt:1  | Killed Onied's ghost
120805 | Crypt:1  | Killed an ancient lich
120895 | Crypt:2  | Identified the amulet "Bixab" {Reflect *Corrode rPois Str+5
                  | SH+5}
120901 | Crypt:2  | Identified the +2 helmet "Cutee" {Str+2}
120905 | Crypt:2  | Got Kikubaaqudgha's Disquisition on Unholy Secrets
120907 | Crypt:2  | Identified the amulet "Kenaic" {RegenMP rN+++ Will++ Dex-3
                  | Stlth+}
120953 | Crypt:2  | Killed yalue's ghost
121534 | Crypt:2  | Found a basalt altar of Yredelemnul.
121608 | Crypt:3  | Entered Level 3 of the Crypt
121818 | Crypt:3  | Found a magical portal.
121821 | WizLab   | Entered The Roulette of Golubria
121821 | WizLab   | Found a transporter.
121826 | WizLab   | Found a corrupted altar of Lugonu.
121870 | WizLab   | Found a corrupted altar of Lugonu.
121919 | WizLab   | Found a transporter.
121933 | WizLab   | Found a transporter.
121933 | WizLab   | Found a transporter.
122032 | WizLab   | Found a transporter.
122057 | WizLab   | Found a transporter.
122167 | WizLab   | Found a transporter.
122336 | WizLab   | Found a transporter.
122336 | WizLab   | Found a transporter.
122357 | WizLab   | Found a transporter.
122357 | WizLab   | Found a transporter.
122540 | WizLab   | Found a transporter.
122570 | WizLab   | Found a transporter.
122572 | WizLab   | Found a transporter.
122625 | WizLab   | Identified the +0 cloak "Inanu" {Int+2}
122630 | WizLab   | Identified the +0 cloak of the Harvest {rPois}
122686 | WizLab   | Found a transporter.
122686 | WizLab   | Found a transporter.
122751 | WizLab   | Found a transporter.
122751 | WizLab   | Found a transporter.
122802 | WizLab   | Found a transporter.
122843 | WizLab   | Found a transporter.
122863 | WizLab   | Got Deimuati's Disquisition on Dislocation
123395 | Crypt:3  | Found an ancient bone altar of Kikubaaqudgha.
123398 | Crypt:3  | Noticed Boris
123401 | Crypt:3  | Noticed an ancient lich
123411 | Crypt:3  | Identified the ring of Attaqu {rF+ rN+ Int+3}
123573 | Crypt:3  | Identified the amulet "Qereschew" {Spirit Slay+2}
124333 | Crypt:3  | Found a staircase to the Tomb.
124502 | Crypt:3  | Killed Boris
125055 | Crypt:3  | Found a basalt altar of Yredelemnul.
125198 | Crypt:3  | Killed an ancient lich
125199 | Crypt:3  | Reached skill level 21 in Invocations
125310 | Crypt:3  | Got Reamy's Disquisition on Stones
125340 | Crypt:3  | Got the Incunabulum of Sinister Magic
125472 | Crypt:3  | Found an ancient bone altar of Kikubaaqudgha.
125992 | Depths:2 | Bought a scroll of blinking for 135 gold pieces
125992 | Depths:2 | Bought a scroll of fear for 63 gold pieces
125998 | Depths:2 | Bought a potion of heal wounds for 155 gold pieces
126169 | Orc:2    | Bought a potion of haste for 140 gold pieces
126283 | D:8      | Bought 2 potions of heal wounds for 140 gold pieces
126283 | D:8      | Bought a potion of haste for 140 gold pieces
126356 | D:5      | Bought a potion of haste for 130 gold pieces
126356 | D:5      | Bought a potion of haste for 130 gold pieces
126548 | Orc:2    | Bought an Inescapable Atlas for 374 gold pieces
126709 | Pan      | Entered Pandemonium
127207 | Pan      | Found a huge runed translucent gate.
127208 | Pan      | Found a huge runed translucent gate.
127210 | Pan      | Found a huge runed translucent gate.
127211 | Pan      | Found a huge runed translucent gate.
127212 | Pan      | Found a huge runed translucent gate.
127748 | Pan      | Entered the realm of Gloorx Vloq.
127968 | Pan      | Found an exit through the horrors of the Abyss.
128229 | Pan      | Noticed Gloorx Vloq
128281 | Pan      | Killed Gloorx Vloq
129112 | Pan      | Got a dark rune of Zot
130228 | Pan      | Entered the realm of Mnoleg.
130269 | Pan      | Gained mutation: Potions are less effective at restoring
                  | your health. [a neqoxec]
130285 | Pan      | Noticed Mnoleg
130296 | Pan      | Gained mutation: You are dopey. (Int -2) [Mnoleg's
                  | mutagenic touch]
130402 | Pan      | Killed Mnoleg
130408 | Pan      | Got a glowing rune of Zot
130831 | Pan      | Gained mutation: You sometimes lose the ability to read
                  | scrolls when taking damage. [a neqoxec]
130876 | Pan      | Gained mutation: Your body sometimes deteriorates upon
                  | taking damage. [a neqoxec]
131168 | Pan      | Learned a level 7 spell: Dragon Form
131244 | Pan      | Noticed Esiorog the pandemonium lord
131258 | Pan      | Killed Esiorog the pandemonium lord
131310 | Pan      | Learned a level 5 spell: Manifold Assault
131854 | Pan      | Gained mutation: You are clumsy. (Dex -2) [a neqoxec]
134435 | Pan      | Found an exit through the horrors of the Abyss.
134438 | Pan      | Found a transporter.
134544 | Pan      | Identified the +5 chain mail "Gubbats" {Int+3}
135197 | Pan      | Gained mutation: Your magical capacity is low. (-10% MP) [a
                  | neqoxec]
135271 | Pan      | Entered the realm of Lom Lobon.
135271 | Pan      | Noticed Lom Lobon
135279 | Pan      | HP: 6/204 [Lom Lobon (illusionary)/vortex[the player
                  | character] (12)]
135280 | Pan      | Killed from afar by Lom Lobon

Illustrated notes

Levels and vault maps discovered:
D:1:      wander_arrival_chamber, layout_loops_ring,
          hellmonk_ecumenical_altar_lost_god
D:2:      layout_basic, serial_co_window_serial, co_window_paths_a,
          co_window_corner_a, co_window_paths_a, co_window_cross_1,
          co_window_cross_1, co_window_corner_a, co_window_corner_a,
          co_window_broadway_b, co_window_2corner, co_window_corner_b,
          glass_columns_a, glass_columns_a, glass_columns_c, glass_columns_a,
          glass_columns_c, serial_shops, nicolae_square_shop,
          mrwooster_statue_mirror, minmay_misc_feat_rugged, minmay_tetromino_i4
D:3:      minmay_chambers_of_threes, layout_basic,
          mainiacjoe_overflow_surrounded_room,
          nicolae_overflow_ecumenical_swirl, corexii_leaking_fountain,
          uniq_jessica
D:4:      layout_basic, nicolae_uskayaw_suspiria, minmay_temple_entry_offerings,
          uniq_sigmund, uniq_duvessa
D:5:      layout_loops_ring, kennysheep_mini, serial_shops,
          nicolae_shop_crystal, nicolae_take_the_stairs,
          nicolae_shop_statue_plus, nicolae_shop_bloodbath_and_beyond
D:6:      layout_loops_ring, nicolae_tso_besieged_by_evil,
          mainiacjoe_overflow_boulevard
D:7:      layout_loops_cross, nemelex_dance_club_becter, old_standard_altar,
          uniq_pikel, uniq_maggie
D:8:      layout_rooms, enter_bailey_3, chequers_serial_rivers_small_a,
          nicolae_stop_n_shop_1, minmay_shop_grid_forest,
          minmay_strange_pillars, chequers_guarded_unrand_ignorance, uniq_grum,
          uniq_harold
D:9:      layout_rooms, xom_butterflies, minmay_joined_circles
D:10:     layout_rooms, zin_purify, mainiacjoe_overflow_concentric_impassable,
          david_lair_shrubbed
D:11:     layout_cave_pools
D:12:     layout_roguey, erik_orc_3, gammafunk_ghost_abyssal_escape,
          st_stairs_4, drop_trap, kennysheep_dice
D:13:     layout_stronghold
D:14:     layout_irregular_city, grunt_vaults_entry_tiered,
          wad_floor_pattern_untrapped, nicolae_hepliaklqana_monster_ancestors
D:15:     grunt_enter_depths_magical_seal, layout_rooms,
          minmay_misc_feat_diagonals, trog_hazing_becter, uniq_jorgrun
Temple:   minmay_temple_curvy_loop
Lair:1:   layout_loops_ring, uniq_joseph
Lair:2:   layout_hall_layers, chequers_serial_rivers_large_b, minivault_24,
          evilmike_ambush [evilmike_ambush_outer_basic,
          evilmike_ambush_inner_basic], grunt_megastairs_1
Lair:3:   layout_gridlike, minmay_swamp_entry_worms, basic_altar,
          serial_bayou_shore_b
Lair:4:   layout_misc_corridors, nicolae_spider_entry_orb_guardian,
          guppyfry_lair_drakes, grunt_megastairs_2
Lair:5:   layout_concentric_octagons, dpeg_slime_entry_enclosed_altar,
          uniq_sonja
Lair:6:   wormcave, layout_regular_city, guppyfry_lair_end_dragon,
          gammafunk_lair_bear_cave
Swamp:1:  layout_basic_swamp, lemuel_altar_in_water, swamp_pool5,
          hangedman_swamp_wriggling
Swamp:2:  nicolae_swamp_long_stream, layout_basic_swamp,
          evilmike_swamp_ruin_house_6
Swamp:3:  nzn_winding_woodlands_cross [nzn_winding_woodlands_5x15_sidewinder,
          nzn_winding_woodlands_5x15_default, nzn_winding_woodlands_5x15_pool,
          nzn_winding_woodlands_5x15_lazy_stream,
          nzn_winding_woodlands_15x15_boxy_spiral], layout_basic_swamp,
          evilmike_swamp_ruin_house_4, swamp_pool2,
          nicolae_swamp_stuck_in_the_mud, uniq_mara
Swamp:4:  swamp_basic_johnstein, layout_basic_swamp, gammafunk_ghost_cemetery,
          nicolae_swamp_fairy_circle
Spider:1: layout_chambers, uniq_azrael, uniq_rupert
Spider:2: spiders_nest_scorpion_pit
Spider:3: layout_spider_delve, nicolae_spider_webs_and_nodes, hive_lemuel
Spider:4: floodkiller_spider_rune_tomb, nicolae_spider_stair_cavern
Slime:1:  cheibrodos_slime_lost_civilization_10, layout_caves
Slime:2:  layout_caves
Slime:3:  layout_caves
Slime:4:  layout_caves
Slime:5
Orc:1:    layout_caves, serial_shops, nicolae_lakefront_shop,
          nicolae_orc_bridge_out, rock_pile
Orc:2:    st_orc_open, layout_caves, nicolae_orc_sculptors_studio,
          roderic_batcave, mines2_david
Elf:1:    minmay_elf_arrival_plus, layout_geoelf_diagonals, basic_altar,
          minmay_elf_crystal_hexagon, nicolae_elf_free_trip_to_the_abyss
Elf:2:    nicolae_elf_blades_splatter_lattice [nicolae_blade_little_rooms],
          layout_rooms, serial_shops, nicolae_stop_n_shop_2, amethyst_killhole,
          minmay_the_grid_2x2 [minmay_the_grid_plusring, minmay_the_grid_doors,
          minmay_the_grid_minigrid_small, minmay_the_grid_prize_trominoes]
Elf:3:    elf_hall, layout_geoelf_castle, minivault_14, st_stairs_13
Vaults:1: v_misc_33, hangedman_vaults_nodes, v_misc_5, v_misc_9, v_misc_29,
          nicolae_vaults_circle_grid_b, v_misc_14, ontoclasm_vaults_chip,
          nicolae_vaults_asterisk, layout_vaults_omnigrid, serial_shops,
          nicolae_square_shop
Vaults:2: nicolae_vaults_network_square, nicolae_vaults_little_squares_1,
          nicolae_vaults_network_s, nicolae_vaults_mini_display_case,
          hangedman_vaults_slice, nicolae_vaults_three_branches,
          vaults_standard_mumra_x, ontoclasm_vaults_twist,
          ontoclasm_vaults_gateway, nicolae_vaults_lopsided_apartments,
          nicolae_vaults_asterisk, vaults_room_large_hall, layout_vaults_ring,
          serial_shops, shop
Vaults:3: v_misc_18, hangedman_vaults_stagger, nicolae_vaults_asterisk,
          ontoclasm_vaults_fault, ontoclasm_vaults_decontamination,
          nicolae_vaults_asterisk, nicolae_vaults_angled_halls,
          layout_vaults_chaotic_city
Vaults:4: nicolae_vaults_ring_of_whatevers, nicolae_vaults_little_squares_2,
          nicolae_vaults_rhombus_7, ontoclasm_vaults_shuriken,
          ontoclasm_vaults_eye, hangedman_vaults_stretched_pinwheel,
          nicolae_vaults_inception_corners, nicolae_vaults_network_star,
          vaults_mumra_minichess_inversion, v_misc_2, v_rooms_5, v_misc_23,
          hangedman_vaults_stretched_pinwheel, v_misc_25,
          nicolae_vaults_rhombus_6, layout_vaults_omnibox
Vaults:5
Crypt:1:  grunt_deathspiral_small, layout_gridlike, grunt_crypt_arrival_webbed
Crypt:2:  layout_gridlike, gammafunk_ghost_crypt, minivault_14,
          nicolae_danse_macabre
Crypt:3:  lightli_unholy_cathedral, layout_chaotic_city,
          tomb_entry_simple_bobbens, basic_altar, mu_enter_wizlab_7,
          st_stairs_11, grunt_ministairs_6, nicolae_crypt_ancient_font,
          uniq_boris
Depths:1: layout_cave_shapes, enter_ziggurat_c, hell_entry,
          rand_demon_pan_entry_8, pdpol_wu_jian_five_deadly_venoms, ice2_lemuel,
          minmay_shop_grove
Depths:2: grunt_forest_end_winery, layout_basic, hell_entry, pan_entry,
          minmay_fountain_box, infiniplex_staircase_pillars_3b, minmay_shoptagon
Depths:3: grunt_bent_corner, layout_gridville, grunt_pan_entry_sceptre,
          serial_sigils, serial_sigils_hangedman_snap,
          serial_sigils_hangedman_carve, serial_sigils_hangedman_confine,
          serial_sigils_hangedman_leer, serial_sigils_hangedman_gut,
          serial_sigils_hangedman_gnaw, hangedman_ru_absence, hell_entry,
          marbit_kobold_abyss_entry
Depths:4: evilmike_zot_entry_round, layout_basic, pf_vacation_house_of_asmodeus,
          serial_bayou_shore_b
Zot:1:    layout_concentric_octagons, lemuel_baited_zot_trap,
          skrybe_zot_glass_3, grunt_megastairs_3
Zot:2:    layout_misc_corridors
Zot:3:    layout_basic
Zot:4:    layout_gridlike
Zot:5:    layout_gridlike
Pan:      nicolae_pan_giant_door, layout_cellular_growth,
          nicolae_pan_sigil_nadil, nicolae_pan_gloorx_vloqian_3, gloorx_vloq_st,
          layout_pan_divisions_b [pan_division_quadrant_b5,
          pan_division_quadrant_b3, pan_division_quadrant_b3,
          pan_division_quadrant_b3], pan_blood_fountain_2,
          nicolae_pan_strange_glyphs [nicolae_pan_strange_glyph_spite,
          nicolae_pan_strange_glyph_envy, nicolae_pan_strange_glyph_melancholia,
          nicolae_pan_strange_glyph_contempt], nicolae_pan_cerebovesque_3,
          nicolae_pan_diamonds, layout_chambers, mnoleg, layout_pan_divisions_b
          [pan_division_quadrant_b1, pan_division_quadrant_b3,
          pan_division_quadrant_b1, pan_division_quadrant_b6],
          pan_blood_fountain_small, lemuel_hellion_island,
          layout_irregular_city, nicolae_pan_cerebovesque_2,
          gammafunk_its_a_trap, layout_pan_divisions_a
          [pan_division_quadrant_a4, pan_division_quadrant_a4,
          pan_division_quadrant_a3, pan_division_quadrant_a6,
          pan_division_octagon_empty], lom_lobon_grunt, layout_small_grid,
          pan_blood_fountain_small, nicolae_pan_sigil_obb

Skill      XL: |  1  2  3  4  5  6  7  8  9 10 11 12 13 14 15 16 17 18 19 20 21 22 23 24 25 26 27 |
---------------+----------------------------------------------------------------------------------+-----
Invocations    | 1 2 3 4 5 6 7 8 9 10 11 12 13 14 15 16 17 18 19 21 | 21.7
Short Blades   | 1 2 3 4 5 6 7 8 9 10 11 12 13 14 15 16 17 20 | 20.1
Long Blades    | 1 2 3 4 5 6 7 8 9 10 11 12 13 14 15 16 17 20 | 20.1
Maces & Flails | 1 2 3 4 5 6 7 8 9 10 11 12 13 14 15 16 17 20 | 20.1
Polearms       | 1 2 3 4 5 6 7 8 9 10 11 12 13 14 15 16 17 20 | 20.1
Staves         | 1 2 3 4 5 6 7 8 9 10 11 12 13 14 15 16 17 20 | 20.1
Slings         | 1 2 3 4 5 6 7 8 9 10 11 12 13 14 15 16 17 20 | 20.1
Bows           | 1 2 3 4 5 6 7 8 9 10 11 12 13 14 15 16 17 20 | 20.1
Crossbows      | 1 2 3 4 5 6 7 8 9 10 11 12 13 14 15 16 17 20 | 20.1
Throwing       | 1 2 3 4 5 6 7 8 9 10 11 12 13 14 15 16 17 20 | 20.1
Dodging        | 1 2 3 4 5 6 7 8 9 10 11 12 13 14 15 16 17 20 | 20.1
Stealth        | 1 2 3 4 5 6 7 8 9 10 11 12 13 14 15 16 17 20 | 20.1
Unarmed Combat | 1 2 3 4 5 6 7 8 9 10 11 12 13 14 15 16 17 20 | 20.1
Spellcasting   | 1 2 3 4 5 6 7 8 9 10 11 12 13 14 15 16 17 20 | 20.1
Evocations     | 1 2 3 4 5 6 7 8 9 10 11 12 13 14 15 16 17 20 | 20.1
Conjurations   | 1 2 3 4 5 6 7 8 9 10 11 12 13 14 15 17 | 17.2
Hexes          | 1 2 3 4 5 6 7 8 9 10 11 12 13 14 15 17 | 17.2
Summonings     | 1 2 3 4 5 6 7 8 9 10 11 12 13 14 15 17 | 17.2
Necromancy     | 1 2 3 4 5 6 7 8 9 10 11 12 13 14 15 17 | 17.2
Translocations | 1 2 3 4 5 6 7 8 9 10 11 12 13 14 15 17 | 17.2
Transmutations | 1 2 3 4 5 6 7 8 9 10 11 12 13 14 15 17 | 17.2
Fire Magic     | 1 2 3 4 5 6 7 8 9 10 11 12 13 14 15 17 | 17.2
Ice Magic      | 1 2 3 4 5 6 7 8 9 10 11 12 13 14 15 17 | 17.2
Air Magic      | 1 2 3 4 5 6 7 8 9 10 11 12 13 14 15 17 | 17.2
Earth Magic    | 1 2 3 4 5 6 7 8 9 10 11 12 13 14 15 17 | 17.2
Poison Magic   | 1 2 3 4 5 6 7 8 9 10 11 12 13 14 15 17 | 17.2
Axes           | 5 6 7 8 9 10 11 12 13 14 15 16 17 18 20 | 20.5
Fighting       | 7 8 9 10 11 12 13 14 15 16 17 18 20 | 20.9
Armour         | 7 8 9 10 11 12 13 14 15 16 17 18 20 | 20.9
Shields        | 7 8 9 10 11 12 13 14 15 16 17 18 20 | 20.9

Action                   |  1- 3 |  4- 6 |  7- 9 | 10-12 | 13-15 | 16-18 | 19-21 | 22-24 | 25-27 || total
-------------------------+-------+-------+-------+-------+-------+-------+-------+-------+-------++-------
Melee: War axe           |    82 |   142 |    34 |       |       |       |       |       |       ||   258
       Bite              |     6 |     8 |    19 |    56 |   160 |    96 |    88 |    98 |   435 ||   966
       Falchion          |       |       |    75 |   400 |   299 |       |       |       |       ||   774
       Broad axe         |       |       |       |    12 |       |       |    14 |       |       ||    26
       Scimitar          |       |       |       |       |   645 |   559 |   198 |       |       ||  1402
       Double sword      |       |       |       |       |       |    74 |    29 |       |       ||   103
       Demon trident     |       |       |       |       |       |       |   479 |    45 |   159 ||   683
       Rapier            |       |       |       |       |       |       |       |   527 |  1750 ||  2277
       Cutlass           |       |       |       |       |       |       |       |    17 |   291 ||   308
       Unarmed           |       |       |       |       |       |       |       |       |    91 ||    91
       Tailslap          |       |       |       |       |       |       |       |       |    14 ||    14
       Headbutt          |       |       |       |       |       |       |       |       |    11 ||    11
       Punch             |       |       |       |       |       |       |       |       |    11 ||    11
 Fire: Hunting sling     |       |    36 |   300 |   374 |    95 |   304 |    72 |   118 |       ||  1299
Throw: Throwing net      |       |       |       |     1 |       |     1 |       |       |     5 ||     7
       Boomerang         |       |       |       |    64 |   143 |     9 |       |    86 |   222 ||   524
       Javelin           |       |       |       |       |       |       |       |       |    22 ||    22
 Cast: Poisonous Vapours |       |       |       |     2 |    67 |   338 |   261 |    72 |   141 ||   881
       Mephitic Cloud    |       |       |       |       |   124 |    53 |    10 |       |     1 ||   188
       Ignite Poison     |       |       |       |       |    69 |   116 |   101 |    15 |     4 ||   305
       Stone Arrow       |       |       |       |       |    19 |   170 |   100 |   142 |   358 ||   789
       Summon Ice Beast  |       |       |       |       |       |     8 |       |       |       ||     8
       Freezing Cloud    |       |       |       |       |       |    13 |    32 |    25 |    50 ||   120
       Passage of Golubr |       |       |       |       |       |    10 |       |     4 |    10 ||    24
       Summon Mana Viper |       |       |       |       |       |     3 |       |       |       ||     3
       Borgnjor's Vile C |       |       |       |       |       |       |   104 |   146 |   256 ||   506
       Wereblood         |       |       |       |       |       |       |    14 |    13 |     7 ||    34
       Ozocubu's Armour  |       |       |       |       |       |       |    13 |     8 |    18 ||    39
       Frozen Ramparts   |       |       |       |       |       |       |    16 |    37 |    59 ||   112
       Olgreb's Toxic Ra |       |       |       |       |       |       |       |    15 |    15 ||    30
       Irradiate         |       |       |       |       |       |       |       |     5 |    26 ||    31
       Summon Lightning  |       |       |       |       |       |       |       |     7 |     4 ||    11
       Lee's Rapid Decon |       |       |       |       |       |       |       |       |    74 ||    74
       Dispel Undead     |       |       |       |       |       |       |       |       |    79 ||    79
       Malign Gateway    |       |       |       |       |       |       |       |       |    21 ||    21
       Airstrike         |       |       |       |       |       |       |       |       |    12 ||    12
       Dragon Form       |       |       |       |       |       |       |       |       |    10 ||    10
       Manifold Assault  |       |       |       |       |       |       |       |       |     5 ||     5
Invok: Ancestor Life: He |       |       |     1 |       |       |       |       |       |       ||     1
       Recall Ancestor   |       |       |       |     4 |    11 |     9 |     3 |     3 |    11 ||    41
       Idealise          |       |       |       |     1 |       |     1 |       |     2 |     5 ||     9
       Ancestor Identity |       |       |       |       |       |       |       |       |     1 ||     1
 Abil: End Transformatio |       |       |       |       |       |       |       |       |     1 ||     1
Evoke: Wand              |       |     1 |     3 |     3 |     3 |    12 |       |       |     8 ||    30
       Phial of floods   |       |       |       |       |     1 |       |       |       |       ||     1
       Tin of tremorston |       |       |       |       |       |       |       |     2 |     6 ||     8
       Phantom mirror    |       |       |       |       |       |       |       |       |     4 ||     4
  Use: Scroll            |       |     3 |     9 |    11 |     8 |     9 |     3 |     2 |    30 ||    75
       Potion            |       |       |       |       |       |     4 |       |     3 |    32 ||    39
 Stab: Paralysed         |       |     4 |     6 |    11 |    30 |    25 |    21 |    18 |    56 ||   171
       Distracted        |       |       |     1 |     7 |    11 |     6 |     7 |     5 |    50 ||    87
       Confused          |       |       |       |     6 |    29 |    18 |    25 |     9 |    57 ||   144
       Sleeping          |       |       |       |     1 |     3 |     2 |    11 |     8 |    47 ||    72
Armor: Scale mail        |    33 |    56 |    87 |   103 |   341 |   304 |   175 |   156 |   421 ||  1676
       Leather armour    |       |       |     5 |     1 |       |       |       |       |       ||     6
       Chain mail        |       |       |       |    88 |       |       |       |       |       ||    88
       Skin              |       |       |       |       |       |       |       |       |    27 ||    27
Dodge: Dodged            |    36 |    62 |    85 |   243 |   459 |   335 |   269 |   193 |   598 ||  2280
       Repelled          |       |       |       |       |       |       |    15 |     9 |    32 ||    56
Block: Buckler           |    27 |    41 |    61 |   162 |   595 |   389 |   108 |       |       ||  1383
       Reflection        |       |       |       |       |    19 |    11 |       |       |       ||    30
       Kite shield       |       |       |       |       |       |       |   157 |   112 |       ||   269
       Tower shield      |       |       |       |       |       |       |       |   391 |  2348 ||  2739
